 Dungeon Crawl Stone Soup version 0.32-a0-135-g14f8b2e1af (webtiles) character file.

Game seed: 2653836308636799675

50095122 iamserjio the Conqueror (level 27, 296/296 HPs)
             Began as a Djinni Hedge Wizard on Feb 9, 2024.
             Was the Champion of Jiyva.
             Escaped with the Orb
             ... and 15 runes
             ... and 7 gems on Feb 10, 2024!
             The game lasted 07:14:14 (29449 turns).

iamserjio the Conqueror (Djinni Hedge Wizard)      Turns: 29449, Time: 07:14:14

Health: 296/296    AC: 38    Str:  8    XL:     27
Gold:   2290       EV: 29    Int: 31    God:    Jiyva [******] SH: 20 Dex: 19

rFire   + + +        K - staff of earth
rCold   . . .        u - +5 Storm Queen's Shield {shock, Fly rElec}
rNeg    + + .        p - melded +4 skin of Zhor {*Englaciate rC+++ SInv}
rPois   ∞            (no helmet)
rElec   +            v - scarf {repulsion}
rCorr   +            (gloves currently unavailable)
SInv    +            (boots unavailable)
Will    ++...        r - amulet of Nemelex Xobeh's Anger {rPois rF- rC+ rN+ Regen+}
Stlth   ++++         M - ring "Eluenumn" {Wiz rF+ Int+6}
HPRegen 3.89/turn    e - ring "Vacov" {+Blink rPois rF+ EV+5 Stlth-}
MPRegen 0.00/turn

%: repel missiles, wizardry (x1)
@: statue-form, flying, very slow
A: slow and powerful, torment resistance 1, flying, boosted hp, sickness
immunity, fire resistance 2, cold vulnerability 1, float, innate caster, HP
casting, extra vitality 1, see invisible, agile 1, dopey 1, regeneration 1,
(shaggy fur 1), electricity resistance, (gelatinous body 3), translucent skin 3,
tendrils, jelly sensing items, subdued magic 1
0: Orb of Zot
}: 15/15 runes: decaying, serpentine, slimy, silver, golden, iron, obsidian,
icy, bone, abyssal, demonic, glowing, magical, fiery, dark
a: Begin Untransformation, Renounce Religion, Evoke Blink, Oozemancy, Slimify


You escaped.
You worshipped Jiyva.
Jiyva was exalted by your worship.
You were a living statue of rough stone.
You visited 17 branches of the dungeon, and saw 87 of its levels.
You visited Pandemonium 1 time, and saw 21 of its levels.
You visited the Abyss 2 times.
You visited 1 bazaar.
You visited 2 ziggurats (completing 1), and saw 42 of their levels.
You also visited: Ossuary and Gauntlet.

You collected 4243 gold pieces.
You spent 1953 gold pieces at shops.

Inventory:

Hand Weapons
 A - the +8 trishula "Condemnation" {holy, anguish, *Noise Fly rN+}
   (You found it on level 23 of a ziggurat)

   rN+:       It protects you from negative energy.
   Fly:       It grants you flight.
   *Noise:    It may make a loud noise when swung.
Missiles
 C - 3 throwing nets {!f}
Armour
 c - the +1 helmet "Veluxupt" {+Inv MP+9 Str+2 Int+3}
   (You acquired it on level 19 of a ziggurat)

   Str+2:     It affects your strength (+2).
   Int+3:     It affects your intelligence (+3).
   MP+9:      It affects your magic capacity (+9).
   +Inv:      It lets you turn invisible.
 p - the +4 skin of Zhor (melded) {*Englaciate rC+++ SInv}
   (You took it off a deep elf annihilator on level 5 of the Vaults)

   *Englaciate: It radiates cold, occasionally slowing all nearby creatures who
   are not resistant to cold.
   rC+++:     It renders you almost immune to cold.
   SInv:      It lets you see invisible.
 u - the +5 Storm Queen's Shield (worn) {shock, Fly rElec}
   (You found it on level 5 of the Pits of Slime)

   Shock:     When it blocks an attack, it may electrocute the attacker.
   This works even against foes who are a short distance away.
   rElec:     It insulates you from electricity.
   Fly:       It grants you flight.
 v - a scarf of repulsion (worn)
 T - an orb of guile
Magical Staves
 j - the staff "Nekami" {rElec rCorr Dex-2 Conj Tloc Air}
   (You found it on level 19 of a ziggurat)

   [staff of air]

   Base accuracy: +5 Base damage: 5 Base attack delay: 1.2 This weapon's minimum
   attack delay (0.6) is reached at skill level 12.
   Dex-2:     It affects your dexterity (-2).
   rElec:     It insulates you from electricity.
   rCorr:     It protects you from acid and corrosion.
   Conj:      It increases the power of your Conjurations spells.
   Tloc:      It increases the power of your Translocations spells.
   Air:       It increases the power of your Air spells.
   It falls into the 'Staves' category.
   It is a one-handed weapon.
 o - the staff of Honour {+Blink rC+ Ice}
   (You found it on level 3 of a ziggurat)

   [staff of cold]

   Base accuracy: +5 Base damage: 5 Base attack delay: 1.2 This weapon's minimum
   attack delay (0.6) is reached at skill level 12.
   rC+:       It protects you from cold.
   +Blink:    It lets you blink.
   Ice:       It increases the power of your Ice spells.
   It falls into the 'Staves' category.
   It is a one-handed weapon.
 K - a staff of earth (weapon)
 L - the staff of the Moth {*Corrode rF+ Int+5 Dex+2 Hexes Fire}
   (You found it on level 7 of a ziggurat)

   [staff of fire]

   Base accuracy: +5 Base damage: 5 Base attack delay: 1.2 This weapon's minimum
   attack delay (0.6) is reached at skill level 12.
   Int+5:     It affects your intelligence (+5).
   Dex+2:     It affects your dexterity (+2).
   rF+:       It protects you from fire.
   *Corrode:  It may corrode you when you take damage.
   Hexes:     It increases the power of your Hexes spells.
   Fire:      It increases the power of your Fire spells.
   It falls into the 'Staves' category.
   It is a one-handed weapon.
 Q - the staff of Jaotute {rN+ Int+5 Necro}
   (You found it on level 14 of a ziggurat)

   [staff of death]

   Base accuracy: +5 Base damage: 5 Base attack delay: 1.2 This weapon's minimum
   attack delay (0.6) is reached at skill level 12.
   Int+5:     It affects your intelligence (+5).
   rN+:       It protects you from negative energy.
   Necro:     It increases the power of your Necromancy spells.
   It falls into the 'Staves' category.
   It is a one-handed weapon.
 Z - the staff of Bile {rPois rF+ Summ Fire}
   (You found it on level 11 of a ziggurat)

   [staff of fire]

   Base accuracy: +5 Base damage: 5 Base attack delay: 1.2 This weapon's minimum
   attack delay (0.6) is reached at skill level 12.
   rF+:       It protects you from fire.
   rPois:     It protects you from poison Summ: It increases the power of your
   Summonings spells.
   Fire:      It increases the power of your Fire spells.
   It falls into the 'Staves' category.
   It is a one-handed weapon.
Jewellery
 e - the ring "Vacov" (right fist) {+Blink rPois rF+ EV+5 Stlth-}
   (You found it on level 5 of a ziggurat)

   [ring of evasion]

   EV+5:      It affects your evasion (+5).
   rF+:       It protects you from fire.
   rPois:     It protects you from poison +Blink: It lets you blink.
   Stlth-:    It makes you less stealthy.
 n - the ring of the Mauling Pariah {Int+6 SInv Stlth+}
   (You found it on level 11 of a ziggurat)

   [ring of intelligence]

   Int+6:     It affects your intelligence (+6).
   SInv:      It lets you see invisible.
   Stlth+:    It makes you more stealthy.
 r - the amulet of Nemelex Xobeh's Anger (around neck) {rPois rF- rC+ rN+ Regen+}
   (You took it off a deep elf annihilator on level 3 of the Elven Halls)

   [amulet of regeneration]

   rF-:       It makes you vulnerable to fire.
   rC+:       It protects you from cold.
   rPois:     It protects you from poison rN+: It protects you from negative
   energy.
   Regen+:    It increases your rate of health regeneration.
 x - the ring of Shadows {Umbra +Inv Stlth+}
   (You found it on level 3 of the Tomb of the Ancients)

   [ring of stealth]

   Umbra:     It surrounds you with an aura of shadow, increasing your stealth
   and reducing the accuracy of all others within it.
   +Inv:      It lets you turn invisible.
   Stlth+:    It makes you more stealthy.
 D - a ring of protection from cold
 E - the ring of Pagesuac {rN++ Int-4 SInv}
   (You found it on level 6 of a ziggurat)

   [ring of see invisible]

   Int-4:     It affects your intelligence (-4).
   rN++:      It greatly protects you from negative energy.
   SInv:      It lets you see invisible.
 M - the ring "Eluenumn" (left fist) {Wiz rF+ Int+6}
   (You found it on level 23 of a ziggurat)

   [ring of wizardry]

   Wiz:       It improves your spell success rate.
   Int+6:     It affects your intelligence (+6).
   rF+:       It protects you from fire.
 R - the amulet "Weapn" {RegenMP Regen+ Dex+3}
   (You found it on level 25 of a ziggurat)

   [amulet of magic regeneration]

   RegenMP:   It increases your rate of magic regeneration.
   Dex+3:     It affects your dexterity (+3).
   Regen+:    It increases your rate of health regeneration.
 Y - the ring "Ownac" {rN+ Will+ Int+3}
   (You found it on level 18 of a ziggurat)

   [ring of willpower]

   Int+3:     It affects your intelligence (+3).
   rN+:       It protects you from negative energy.
   Will+:     It increases your willpower.
Talismans
 G - a granite talisman (active)
Wands
 i - a wand of quicksilver (27)
 k - a wand of mindburst (4)
 V - a wand of digging (20) {@v3}
 W - a wand of iceblast (6) {@v2}
 X - a wand of charming (32)
Scrolls
 f - 5 scrolls of silence
 g - 6 scrolls of teleportation {@r3}
 h - 4 scrolls of fear
 H - a scroll of blinking {@r4}
 S - 8 scrolls of immolation
 U - 5 scrolls of fog
Potions
 a - 11 potions of mutation
 b - a potion of haste {@q4}
 d - 7 potions of might {@q3}
 l - 28 potions of curing {@q1}
 m - a potion of ambrosia
 q - 6 potions of heal wounds {@q2}
 w - a potion of invisibility
 z - 3 potions of lignification
 B - 4 potions of resistance {@q5}
 F - 3 potions of cancellation
 I - 2 potions of brilliance
Miscellaneous
 s - a +1 figurine of a ziggurat
 J - a phantom mirror
 N - the horn of Geryon
 O - a box of beasts
 P - a lightning rod (4/4)


   Skills:
 O Level 27 Fighting
 - Level 9.6 Long Blades
 + Level 21.2 Polearms
 - Level 9.2 Armour
 - Level 18.0 Dodging
 O Level 27 Stealth
 - Level 18.0 Shields
 O Level 27 Spellcasting
 O Level 27 Conjurations
 O Level 27 Hexes
 O Level 27 Summonings
 O Level 27 Necromancy
 O Level 27 Translocations
 O Level 27 Fire Magic
 O Level 27 Ice Magic
 O Level 27 Air Magic
 O Level 27 Earth Magic
 O Level 27 Alchemy
 O Level 27 Evocations
 - Level 25.0 Shapeshifting


You knew the following spells:

 Your Spells              Type           Power      Damage    Failure   Level
a - Magic Dart            Conj           100%       1d8       0%          1
b - Slow                  Hex            100%       N/A       0%          1
c - Blink                 Tloc           100%       N/A       0%          2
d - Call Imp              Summ           100%       N/A       0%          2
e - Mephitic Cloud        Conj/Alch/Air  100%       N/A       0%          3
f - Sting                 Conj/Alch      100%       1d9       0%          1
g - Scorch                Fire           100%       2d9       0%          2
h - Frozen Ramparts       Ice            100%       1d16      0%          3
i - Leda's Liquefaction   Alch/Erth      63%        N/A       0%          4
j - Summon Lightning Spi  Summ/Air       100%       N/A       0%          4
k - Irradiate             Conj/Alch      51%        3d28      0%          5
l - Bombard               Conj/Erth      63%        9d10      0%          6
m - Monstrous Menagerie   Summ           51%        N/A       0%          7
n - Death Channel         Necr           51%        N/A       0%          6
o - Haunt                 Necr/Summ      51%        N/A       0%          7
p - Discord               Hex            51%        N/A       1%          8
q - Shatter               Erth           63%        3d47*     1%          9
r - Death's Door          Necr           51%        N/A       1%          9
Your spell library was empty.

Dungeon Overview and Level Annotations

Branches:
Dungeon (15/15)            Temple (0/1) D:7            Lair (5/5) D:10
  Swamp (4/4) Lair:2        Snake (4/4) Lair:2        Slime (5/5) Lair:5
    Orc (2/2) D:11            Elf (3/3) Orc:2        Vaults (5/5) D:13
  Crypt (3/3) Vaults:2       Tomb (3/3) Crypt:3      Depths (4/4) D:15
   Hell (visited)             Dis (7/7) Hell            Geh (7/7) Hell
    Coc (7/7) Hell            Tar (7/7) Hell            Zot (5/5) Depths:4
Ossuary (visited)         Gauntlet (visited)

Altars:
Elyvilon
Fedhas
Gozag
Makhleb
The Shining One
Jiyva
Lugonu

Shops:
D:6 =   D:10 *   Orc:1 (   Orc:2 [:*((   Elf:1 :=:   Depths:2 *

Portals:
Hell: Depths:1 Depths:2 Depths:3
Abyss: Depths:1 Depths:3
Pandemonium: Depths:2
Trove: D:11 (give 19 potions of curing)

Annotations:
Lair:2 exclusions: orange crystal statue and 1 more exclusion
Slime:5 Royal Jelly
Elf:2 3 runed translucent doors
Vaults:2 1 exclusion
Dis:7 Dispater
Geh:7 exclusion: door
Tar:7 Ereshkigal


Innate Abilities, Weirdness & Mutations

You are a living statue of rough stone.
Your actions are slow, but your melee attacks are powerful.
You are resistant to unholy torment.
You are flying.
Your maximum health is greatly increased.
Your equipment is partially melded.
You are immune to sickness and miasma.
You are immune to poison.
Your flesh is very heat resistant. (rF++)
You are vulnerable to cold. (rC-)
You float through the air rather than walking.
You learn spells naturally, not from books.
Your magical power is your life essence.
You have superior vitality. (+4 MHP)
You have supernaturally acute eyesight. (SInv)
You are agile. (Dex +4, Str/Int -1)
You are dopey. (Int -2)
Your natural rate of healing is unusually fast.
((You are covered in fur. (AC +1)))
You are resistant to electric shocks. (rElec)
((Your gelatinous body deflects attacks. (AC +3, EV +3)))
Your transparent skin significantly reduces your foes' accuracy. (Stealth+)
You are covered in slimy tendrils that may disarm your opponents.
You have a small jelly attached to you that senses nearby items.
Your spells are a little easier to cast, but a little less powerful.


Message History

You feel a surge of power!
The dungeon rumbles!
You kill the soul eater!
Ka-crash!
There is a stone staircase leading up here.
You fly upwards.
The kobold shouts!
There is a stone staircase leading down here.
Casting: Shatter (mildly dangerous; 1% risk of failure)
Press: ? - help, Q - select action, (/) - cycle Dir - look around, f - activate A stone staircase leading down.
This square is covered in magical glow.
You feel a surge of power!
The dungeon rumbles!
You kill the kobold!
Ka-crash!
You hear a shout!
Casting: Shatter (mildly dangerous; 1% risk of failure)
Press: ? - help, Q - select action, (/) - cycle Dir - look around, f - activate Some shallow water.
This square is covered in magical glow.
You feel a surge of power!
The dungeon rumbles!
You destroy the toadstool! x2
Ka-crash!
You hear a shout!
Blink to where?
Press: ? - help, Dir - move target
As you read the scroll of blinking {@r4}, it crumbles to dust.
Casting: Shatter (mildly dangerous; 1% risk of failure)
Press: ? - help, Q - select action, (/) - cycle Dir - look around, f - activate Some shallow water.
This square is covered in magical glow.
You feel a surge of power!
The dungeon rumbles!
You destroy the toadstool!
Ka-crash!
Found a scroll of identify.
There is a staircase leading out of the dungeon here.
You have escaped!

#~#~##~~~##~#~.......
##~#~#~##~P#~#~...##.#
#P~#~#~#P~##~#~.#...#
##~#~#~##~~~~#~##..#.
#~#~##~~###P#~#....# .
#~##~#.~~~###~....# ..
##~##~....~~~## ...
##.##~~~#..#...#
..#####~###~I###?.##
...###..#### ...#
#.###....# ..##
###........# ##.
####...#.####### .#
#......#.# #. ..
#......#..###.
#.....###.... #.....#
##.#################


There were no monsters in sight!

Vanquished Creatures
  Cerebov (Pan)
  Antaeus (Coc:7)
  Asmodeus (Geh:7)
  Gloorx Vloq (Pan)
  Ignacio (Pan)
  Mnoleg (Pan)
  11 dread liches
  2 orbs of fire (Zot:5)
  8 pandemonium lords
  4 ancient liches
  A juggernaut (Depths:2)
  37 royal mummies
  23 Killer Klowns
  6 shard shrikes
  18 caustic shrikes
  Geryon (Hell)
  11 golden dragons
  13 bone dragons
  12 profane servitors
  8 Tzitzimimeh
  8 doom hounds
  12 iron giants
  12 Brimstone Fiends
  4 spectral shard shrikes
  11 hellephants
  22 Ice Fiends
  3 electric golems
  28 Hell Sentinels
  18 tainted leviathans
  12 tentacled monstrosities
  15 liches
  21 Orb Guardians
  4 walking divine tomes
  5 deep elf blademasters
  10 quicksilver dragons
  12 titans
  A quicksilver dragon (shapeshifter) (Zig:7)
  20 searing wretches
  2 deep elf master archers
  18 Executioners (Pan)
  18 sphinxes
  A sphinx (shapeshifter) (Zig:11)
  A kraken (Abyss:4)
  3 death cobs
  62 ancient champions
  An eldritch tentacle (Pan)
  11 storm dragons
  7 tengu reavers
  The ghost of Hans the Crack Shot, an adept SpHu of Gozag (Elf:2)
  Kirke (Lair:3)
  6 shadow dragons
  11 tentacled starspawn
  22 draconian monks
  5 revenants
  15 protean progenitors
  10 fire giants
  33 nagarajas
  15 vault wardens
  9 draconian knights
  11 draconian scorchers
  4 iron dragons
  3 fire giants (shapeshifter)
  13 draconian shifters
  22 quicksilver elementals
  17 narguns
  36 balrugs
  3 deep elf sorcerers
  12 frost giants
  3 fenstrider witches (Pan)
  16 ghost moths
  15 cacodemons (Pan)
  6 demonspawn warmongers (Pan)
  2 deep elf elementalists (Elf:3)
  2 ghouls
  9 emperor scorpions
  A juggernaut zombie (Zig:12)
  3 curse skulls
  14 reapers
  2 angels (Pan)
  11 demonspawn blood saints
  17 draconian stormcallers
  20 ironbound preservers
  9 shard shrike simulacra
  6 ironbound thunderhulks
  8 demonspawn corrupters (Pan)
  A stone giant (shapeshifter) (Zig:11)
  2 spriggan defenders
  22 very ugly things
  19 draconian annihilators
  23 stone giants
  3 broodmothers
  24 elemental wellsprings
  2 juggernaut skeletons (Pan)
  A spectral titan (Tar:2)
  8 putrid mouths
  6 deep elf demonologists
  11 vampire knights
  2 eleionomae (shapeshifter) (Zig:11)
  12 bennus
  14 dire elephants
  10 deep elf death magi
  15 green draconians
  8 red draconians
  27 starcursed masses
  7 white draconians
  11 lorocyprocas
  A minotaur (shapeshifter) (Zig:11)
  6 demonspawn black suns (Pan)
  A minotaur (Gauntlet)
  25 war gargoyles
  13 black draconians
  24 wendigos
  6 spark wasps
  9 deep elf annihilators
  5 eidola
  7 yellow draconians
  2 bunyips
  12 blizzard demons
  11 purple draconians
  22 green deaths
  A spectral quicksilver dragon (Tar:7)
  24 iron golems
  8 merfolk impalers
  7 merfolk javelineers
  32 mummy priests
  15 ettins
  A spectral spriggan (Tar:2)
  2 shambling mangroves
  9 deep elf high priests
  17 jiangshi
  18 yaktaur captains
  A crystal guardian (Vaults:3)
  6 fire dragons
  8 juggernaut simulacra
  5 rakshasas
  9 entropy weavers
  3 peacekeepers
  9 hydras
  23 vault guards
  7 ironbound frosthearts
  A merfolk avatar (Zig:18)
  A spectral shadow dragon (Crypt:3)
  2 spriggan air magi
  13 ice dragons
  42 salamander tyrants
  3 ogre magi
  9 caustic shrike simulacra
  2 alligator snapping turtles
  9 catoblepae
  A fenstrider witch skeleton (Crypt:2)
  A death knight (Crypt:3)
  16 hell beasts
  4 centaur warriors
  3 ghost crabs
  5 stokers
  6 alligators
  A two-headed ogre (shapeshifter) (Zig:7)
  7 two-headed ogres
  9 anacondas
  5 radroaches (Zig:21)
  4 jorogumos
  8 merfolk aquamancers
  3 boulder beetles
  6 deep troll earth magi
  A deep troll shaman (Depths:2)
  A satyr (Zig:13)
  A death yak (shapeshifter) (Zig:11)
  41 dancing weapons
  14 naga warriors
  65 death scarabs
  8 vampire magi
  17 hell hogs
  8 demonic crawlers
  A titan zombie (Zig:12)
  5 tengu warriors
  21 naga sharpshooters
  16 shock serpents
  A spectral dire elephant (Tar:7)
  14 deep elf knights
  2 occultists (Depths:1)
  3 spriggan berserkers
  7 thrashing horrors
  9 hell knights
  7 spriggans
  6 orc high priests
  A storm dragon zombie (Zig:12)
  An emperor scorpion zombie (Crypt:1)
  4 salamander mystics
  78 sun demons
  14 wretched stars
  16 shadow wraiths
  14 crystal echidnas
  3 skysharks
  23 soul eaters
  2 fire crabs (Abyss:4)
  3 spatial maelstroms
  5 goliath frogs
  A hellephant skeleton (Pan)
  3 spriggan druids
  22 sixfirhies
  4 pharaoh ants
  A titan skeleton (Zig:12)
  An anaconda zombie (Hell)
  12 flayed ghosts
  27 skeletal warriors
  7 sea snakes
  2 iron trolls
  3 quicksilver dragon simulacra (Coc:7)
  2 orange crystal statues
  A spectral anaconda (Tar:7)
  5 arcanists
  40 large abominations
  10 mana vipers
  5 spriggan simulacra
  A death drake (Depths:4)
  12 shadow demons
  4 swamp dragons
  37 deep trolls
  7 obsidian statues
  A deep troll (shapeshifter) (Zig:11)
  7 naga ritualists
  2 orb spiders
  10 sun moths
  3 bog bodies (Swamp:4)
  An orb spider (shapeshifter) (Zig:14)
  3 anaconda skeletons
  5 steelbarb worms
  12 phantasmal warriors
  14 deep elf archers
  35 deep elf pyromancers
  3 mana vipers (shapeshifter)
  A shadow dragon zombie (Zig:12)
  19 ironbound convokers
  4 lindwurms
  A harpy (Zig:13)
  3 human zombies
  9 necromancers
  7 orc knights
  A faun (shapeshifter) (Zig:11)
  25 deep elf zephyrmancers
  9 manticores
  6 wolf spiders
  A shadow dragon skeleton (Vaults:1)
  17 ugly things
  4 orc sorcerers
  8 salamanders
  2 alligator zombies
  A fire giant zombie (Zig:4)
  10 cyclopes
  42 black mambas
  A tengu skeleton (Zig:12)
  4 centaur zombies (D:11)
  2 will-o-the-wisps
  A cyclops (shapeshifter) (Zig:11)
  A worldbinder (Abyss:3)
  6 merfolk sirens
  12 moths of wrath
  3 human skeletons
  A meliai (Zig:15)
  A frost giant skeleton (Zig:12)
  12 guardian serpents
  17 water nymphs
  A guardian serpent (shapeshifter) (Zig:7)
  A water nymph (shapeshifter) (Zig:11)
  10 ice statues
  A black mamba (shapeshifter) (D:15)
  5 kobold blastminers
  11 apocalypse crabs
  25 naga magi
  14 vault sentinels
  An iron dragon skeleton (Zig:12)
  8 rust devils
  3 molten gargoyles (Geh:7)
  51 smoke demons
  8 titan simulacra
  7 elephants
  A fire giant skeleton (Zig:4)
  13 cane toads
  35 hellions
  16 orange demons
  4 centaur skeletons
  18 komodo dragons
  2 rime drakes
  7 torpor snails
  A gargoyle (D:11)
  4 bunyip simulacra
  A komodo dragon (shapeshifter) (Zig:19)
  A yaktaur zombie (Vaults:1)
  2 kobold demonologists
  4 efreet
  3 spectral nagas
  6 anaconda simulacra
  A sea snake zombie (Hell)
  22 yaktaurs
  43 tormentors
  2 ice devils (Pan)
  20 freezing wraiths
  A hydra zombie (Hell)
  68 guardian mummies
  3 iron giant simulacra
  A minotaur skeleton (Tomb:3)
  A spriggan skeleton (Zig:4)
  2 golden dragon simulacra
  A tengu conjurer (D:13)
  6 tyrant leeches
  20 ancient zymes
  2 harpy zombies
  2 red devils
  17 merfolk
  3 wind drakes
  A silent spectre (Zig:22)
  A troll (shapeshifter) (Zig:7)
  3 polar bears
  18 hellwings
  11 blink frogs
  15 trolls
  8 hornets
  A raiju (Zig:19)
  3 tarantellas
  A radroach zombie (Crypt:1)
  3 dream sheep
  An alligator simulacrum (Hell)
  4 stone giant simulacra
  An ettin zombie (Tomb:1)
  3 iron dragon simulacra
  2 spriggan zombies
  6 jumping spiders
  7 snapping turtles
  23 ynoxinuls
  6 air elementals
  2 culicivoras
  An ettin skeleton (Abyss:1)
  10 shadows
  3 centaur simulacra (Gauntlet)
  7 wraiths
  16 water elementals
  Sigmund (D:5)
  8 dire elephant simulacra
  4 vampires
  38 yaks
  2 alligator snapping turtle simulacra
  10 ushabtiu
  A black mamba skeleton (Crypt:2)
  23 neqoxecs
  4 wyverns
  4 fire elementals (Zig:10)
  3 hogs (Lair:3)
  7 wargs
  7 basilisks
  2 vampire mosquitoes (D:13)
  6 steam dragons
  A yaktaur simulacrum (Vaults:1)
  20 chaos spawn
  11 redbacks
  21 harpy simulacra
  5 swamp worms
  25 nagas
  An acid dragon (Lair:5)
  20 water moccasins
  4 hydra simulacra
  10 hell hounds
  2 glowing shapeshifter skeletons
  2 naga skeletons
  A meliai simulacrum (Gauntlet)
  39 orc warriors
  15 laughing skulls
  3 sky beasts (D:7)
  2 black bears
  3 ettin simulacra
  An ice beast (D:6)
  A black mamba simulacrum (Coc:1)
  25 ogres
  5 boggarts (Vaults:4)
  3 centaurs
  7 wolves
  2 phantoms
  2 weeping skulls
  9 bullfrogs
  3 scorpions
  A human simulacrum (Zig:5)
  A cane toad simulacrum (Gauntlet)
  An earth elemental (Elf:3)
  6 naga simulacra
  5 necrophages
  5 water moccasin zombies (Ossuary)
  6 small abominations
  5 wights (D:9)
  4 burial acolytes (Crypt:3)
  A raiju skeleton (Crypt:2)
  3 killer bees (D:10)
  6 howler monkeys
  3 electric eels (Lair:2)
  A crimson imp (Gauntlet)
  8 jellies
  10 orc priests
  3 hounds (D:6)
  2 iron imps
  A spectral scorpion (Ossuary)
  7 iguanas
  16 orc wizards
  2 crocodile zombies (Ossuary)
  78 mummies
  4 adders
  3 gnolls (D:6)
  3 shadow imps
  A white imp (D:6)
  6 ufetubi
  3 adder zombies (Ossuary)
  A dart slug (D:5)
  48 orcs
  6 ball pythons
  2 bats
  4 endoplasms
  A giant cockroach (D:2)
  6 gnoll zombies (Ossuary)
  8 goblins
  5 hobgoblins
  A kobold (D:1)
  2 quokkas
  4 frilled lizards
  4 jackal zombies (Ossuary)
  A kobold zombie (D:4)
  7 orc zombies
  2 rats (D:2)
  25 aspiring fleshes
  2 fire vortices (Geh:7)
  A lurking horror (Abyss:1)
  4 starspawn tentacles
3908 creatures vanquished.

Vanquished Creatures (collateral kills)
  the Serpent of Hell (Geh:7)
  Frederick (Crypt:1)
  2 dread liches (Vaults:5)
  Mennas (Pan)
  A juggernaut (Depths:2)
  4 Killer Klowns
  Vv (Crypt:3)
  7 shard shrikes
  Vashnia (Snake:3)
  17 caustic shrikes
  The ghost of Qyg Kex the Earth Mage, an adept OpEE of Vehumet (Crypt:2)
  Jory (Vaults:3)
  5 golden dragons
  A Brimstone Fiend (Geh:3)
  A pandemonium lord (Zig:7)
  2 hellephants
  3 Orb Guardians (Zot:5)
  3 tentacled monstrosities
  2 Hell Sentinels (Zig:15)
  3 Ice Fiends
  A lich (Crypt:3)
  7 titans
  A walking divine tome (Depths:2)
  A quicksilver dragon (Depths:3)
  A sphinx (shapeshifter) (Zig:11)
  3 ancient champions
  A shadow dragon (Vaults:5)
  A storm dragon (Depths:4)
  5 tengu reavers
  Donald (Orc:2)
  2 protean progenitors (Zig:9)
  A deep elf sorcerer (Elf:3)
  A fire giant (Depths:2)
  4 vault wardens
  A balrug (Pan)
  A shard shrike simulacrum (Coc:7)
  3 frost giants
  A curse skull (Pan)
  A spriggan defender (Depths:3)
  4 ironbound preservers
  An ironbound thunderhulk (Vaults:2)
  An orc warlord (Vaults:3)
  4 cacodemons (Pan)
  7 stone giants
  Nessos (Lair:4)
  2 very ugly things
  A draconian annihilator (Depths:4)
  5 bunyips
  2 spark wasps (Depths:3)
  4 dire elephants
  2 iron golems (Zig:12)
  A fire dragon (Depths:4)
  A blizzard demon (Zig:27)
  An ettin (Depths:3)
  2 entropy weavers
  A mummy priest (Tomb:2)
  5 salamander tyrants
  2 rakshasas (Depths:3)
  4 hydras
  4 spriggan air magi
  7 vault guards
  2 yaktaur captains (Vaults:5)
  3 ice dragons
  2 alligators
  5 catoblepae
  3 anacondas (Snake:4)
  A boulder beetle (D:11)
  2 death yaks
  4 naga warriors (Snake:4)
  A death knight (Crypt:3)
  3 deep troll shamans
  3 two-headed ogres
  2 tengu warriors
  A vampire mage (Depths:3)
  3 naga sharpshooters
  10 hell knights
  2 spriggan berserkers (Depths:3)
  A deep elf knight (Elf:2)
  A crystal echidna (Zig:12)
  A sun demon (Pan)
  2 salamander mystics (Snake:4)
  An iron troll (Depths:2)
  A mana viper (shapeshifter) (Zig:9)
  7 skeletal warriors
  7 skysharks
  A flayed ghost (Depths:3)
  A shadow demon (Pan)
  12 deep trolls
  A goliath frog (Swamp:1)
  A spriggan druid (Zig:24)
  An anaconda skeleton (Crypt:2)
  3 ironbound convokers
  2 phantasmal warriors
  2 swamp dragons
  2 deep elf archers
  2 bog bodies
  2 necromancers
  2 naga ritualists (Snake:4)
  A deep elf zephyrmancer (Elf:2)
  An orc knight (D:13)
  An orc sorcerer (Elf:3)
  6 ugly things
  A salamander (Snake:2)
  A rust devil (Depths:4)
  2 centaur zombies (D:11)
  3 guardian serpents
  2 kobold blastminers (Orc:2)
  3 naga magi
  A large abomination (Zig:27)
  6 vault sentinels
  6 black mambas
  An elephant (Lair:5)
  3 molten gargoyles (Geh:7)
  3 apocalypse crabs
  7 cane toads
  A smoke demon (Gauntlet)
  A centaur skeleton (D:13)
  2 orange demons (Pan)
  11 yaktaurs
  A tengu conjurer (Depths:1)
  A tormentor (Coc:7)
  A freezing wraith (Depths:4)
  An anaconda simulacrum (Coc:2)
  7 komodo dragons
  A red devil (Gauntlet)
  A troll (Orc:2)
  A hornet (Swamp:3)
  A polar bear (Zig:23)
  2 tyrant leeches
  A wind drake (Zig:18)
  A hellwing (Depths:4)
  A glass eye (Pan)
  4 blink frogs
  5 dream sheep (Lair:5)
  3 water elementals
  2 wyverns
  A jumping spider (Vaults:3)
  16 yaks
  3 fire bats (Zig:9)
  A wraith (D:11)
  3 basilisks
  A fire elemental (Elf:2)
  A neqoxec (Pan)
  4 vampire mosquitoes
  4 chaos spawn
  A warg (Vaults:5)
  3 redbacks
  A harpy simulacrum (Coc:7)
  2 acid dragons (Lair:5)
  A swamp worm (Swamp:2)
  9 nagas
  10 water moccasins
  A hell hound (Swamp:3)
  3 swamp drakes
  4 laughing skulls
  An orc warrior (Orc:2)
  A black bear (Lair:1)
  4 ogres (Orc:2)
  3 wolves
  An elephant skeleton (Crypt:1)
  A bullfrog (Lair:1)
  3 kobold brigands (D:13)
  A human simulacrum (Vaults:1)
  2 lava snakes (Lair:2)
  2 crimson imps (Gauntlet)
  2 jellies (Zig:12)
  A human skeleton (Crypt:1)
  A human zombie (Crypt:1)
  2 orc priests
  An iguana (Lair:5)
  2 orc wizards
  4 mummies
  An adder (D:4)
  An adder zombie (Ossuary)
  11 orcs
  An endoplasm (D:2)
  4 gnoll zombies (Ossuary)
  A goblin (D:4)
  2 hobgoblins (D:4)
  2 kobolds
  A jackal zombie (Ossuary)
  2 orc zombies (Ossuary)
  3 aspiring fleshes (Zig:9)
  2 fire vortices
486 creatures vanquished.

Vanquished Creatures (others)
  The ghost of NoMoreGames the Slayer, a veteran DgAl (Zot:3)
  4 shard shrikes
  5 caustic shrikes
  A hellephant (Zig:24)
  An iron giant (Dis:6)
  An Ice Fiend (Coc:5)
  A lich (Pan)
  A searing wretch (Geh:7)
  3 acid blobs
  A sphinx (Tomb:1)
  A storm dragon (Depths:4)
  A protean progenitor (Zig:9)
  A fire giant (Depths:3)
  An azure jelly (shapeshifter) (Zig:11)
  An azure jelly (Coc:7)
  A draconian monk (Depths:4)
  A draconian shifter (Zig:25)
  2 shard shrike simulacra (Coc:5)
  A vault warden (Vaults:1)
  An ironbound preserver (Vaults:3)
  2 formless jellyfish
  A very ugly thing (Depths:3)
  A black draconian (Depths:4)
  A lorocyproca (Pan)
  2 deep elf annihilators (Pan)
  A war gargoyle (Zig:12)
  A green death (Pan)
  A yaktaur captain (Vaults:2)
  3 hydras
  4 great orbs of eyes
  A rakshasa (Pan)
  3 ice dragons
  A caustic shrike simulacrum (Coc:3)
  2 catoblepae
  An ironbound frostheart (Vaults:2)
  2 shock serpents (shapeshifter)
  A thrashing horror (Zig:27)
  7 glowing orange brains
  A soul eater (Pan)
  3 skysharks
  A shadow demon (Pan)
  A large abomination (Pan)
  A deep troll (Depths:4)
  2 quicksilver dragon simulacra (Coc:3)
  A sun moth (shapeshifter) (Zig:7)
  A mana viper (Snake:2)
  An orb spider (shapeshifter) (Zig:9)
  A bog body (Swamp:4)
  A shining eye (Pan)
  A steelbarb worm (shapeshifter) (Vaults:5)
  An orc sorcerer (Orc:2)
  A cyclops (shapeshifter) (Vaults:5)
  A sphinx simulacrum (Zig:16)
  A moth of wrath (Zig:15)
  A moth of wrath (shapeshifter) (Zig:9)
  An elephant (Zig:24)
  A black mamba (Zig:24)
  3 eyes of devastation
  An eye of devastation (shapeshifter) (Vaults:5)
  2 smoke demons (Pan)
  An apocalypse crab (Zig:9)
  A torpor snail (Zig:24)
  3 hellions
  2 cane toads (Zig:24)
  A yaktaur (Vaults:3)
  A rime drake (Zig:24)
  A komodo dragon (Zig:24)
  2 anaconda simulacra
  An iron giant simulacrum (Coc:7)
  A merfolk (shapeshifter) (Vaults:5)
  3 bloated husks
  A glass eye (shapeshifter) (Depths:2)
  A blink frog (Zig:24)
  3 glass eyes
  29 slime creatures
  A snapping turtle (shapeshifter) (Depths:3)
  A wraith (Vaults:2)
  A wyvern (Lair:5)
  A ynoxinul (Pan)
  3 golden eyes
  A dire elephant simulacrum (Coc:5)
  2 yaks (Zig:24)
  A basilisk (Zig:24)
  A neqoxec (Zig:27)
  A chaos spawn (Pan)
  A harpy simulacrum (Coc:3)
  An acid dragon (Lair:5)
  A water moccasin (Zig:24)
  An ice beast (Vaults:4)
  An ogre (shapeshifter) (D:15)
  2 lava snakes (Lair:2)
  205 jellies
  A starcursed mass (Abyss:1)
  An orc wizard (Elf:1)
  A hell rat (Zig:24)
  2 mummies (Tomb:2)
  A shadow imp (Tar:7)
  3 orcs
  4 endoplasms
  A frilled lizard (D:3)
  2 goblins (D:3)
  4 ball lightnings (Pan)
  A butterfly (Lair:3)
  2 creeping infernos
  2 fire vortices
  6 foxfires
  10 starspawn tentacles
  4 tentacles (Abyss:4)
414 creatures vanquished.

Grand Total: 4808 creatures vanquished

Notes
Turn   | Place    | Note
-------+----------+-------------------------------------------
     0 | D:1      | iamserjio the Djinni Hedge Wizard began the quest for the
                  | Orb.
     0 | D:1      | iamserjio set off with the following spells memorised:
                  | Magic Dart, Slow, Blink, Call Imp, Mephitic Cloud.
     0 | D:1      | Reached XP level 1. HP: 15/15 MP: 0/0
   194 | D:2      | Reached XP level 2. HP: 17/22 MP: 0/0
   263 | D:2      | Reached skill level 1 in Fighting
   264 | D:2      | Reached XP level 3. HP: 25/27 MP: 0/0
   264 | D:2      | Learned a level 1 spell: Sting
   378 | D:3      | Noticed a steam dragon
   491 | D:3      | Found a blossoming altar of Fedhas.
   641 | D:4      | Reached XP level 4. HP: 8/32 MP: 0/0
   646 | D:5      | Entered Level 5 of the Dungeon
   807 | D:4      | Found a sand-covered staircase.
   816 | Ossuary  | Entered an ossuary
   957 | Ossuary  | Reached XP level 5. HP: 20/38 MP: 0/0
   957 | Ossuary  | Learned a level 2 spell: Scorch
  1034 | Ossuary  | Reached XP level 6. HP: 12/46 MP: 0/0
  1170 | Ossuary  | Reached skill level 5 in Spellcasting
  1170 | Ossuary  | Reached skill level 5 in Conjurations
  1170 | Ossuary  | Reached skill level 5 in Hexes
  1170 | Ossuary  | Reached skill level 5 in Summonings
  1170 | Ossuary  | Reached skill level 5 in Necromancy
  1170 | Ossuary  | Reached skill level 5 in Translocations
  1170 | Ossuary  | Reached skill level 5 in Fire Magic
  1170 | Ossuary  | Reached skill level 5 in Ice Magic
  1170 | Ossuary  | Reached skill level 5 in Air Magic
  1170 | Ossuary  | Reached skill level 5 in Earth Magic
  1170 | Ossuary  | Reached skill level 5 in Alchemy
  1262 | Ossuary  | Reached XP level 7. HP: 24/50 MP: 0/0
  1262 | Ossuary  | Learned a level 3 spell: Frozen Ramparts
  1707 | D:5      | Noticed Sigmund
  1717 | D:5      | Reached XP level 8. HP: 45/58 MP: 0/0
  1717 | D:5      | Killed Sigmund
  1718 | D:5      | Reached skill level 5 in Fighting
  1742 | D:4      | Found a glowing golden altar of the Shining One.
  1742 | D:4      | Found an opulent altar of Gozag.
  1777 | D:6      | Found a burning altar of Makhleb.
  1867 | D:6      | Found Degham's Jewellery Shop.
  1921 | D:5      | Reached XP level 9. HP: 14/66 MP: 0/0
  1921 | D:5      | Learned a level 4 spell: Leda's Liquefaction
  2036 | D:5      | You are sucked into a shaft and drop 2 floors!
  2040 | D:7      | Noticed a kobold demonologist
  2046 | D:7      | Noticed an ice devil
  2047 | D:7      | Noticed a red devil
  2047 | D:7      | Killed a kobold demonologist
  2388 | D:7      | Reached skill level 1 in Evocations
  2532 | D:7      | Found a staircase to the Ecumenical Temple.
  2579 | D:8      | Reached XP level 10. HP: 42/75 MP: 0/0
  3012 | D:10     | Entered Level 10 of the Dungeon
  3353 | D:9      | Reached XP level 11. HP: 18/82 MP: 0/0
  3353 | D:9      | Learned a level 4 spell: Summon Lightning Spire
  3401 | D:9      | Reached skill level 5 in Dodging
  3411 | D:9      | Reached skill level 10 in Spellcasting
  3411 | D:9      | Reached skill level 10 in Conjurations
  3411 | D:9      | Reached skill level 10 in Hexes
  3411 | D:9      | Reached skill level 10 in Summonings
  3411 | D:9      | Reached skill level 10 in Necromancy
  3411 | D:9      | Reached skill level 10 in Translocations
  3411 | D:9      | Reached skill level 10 in Fire Magic
  3411 | D:9      | Reached skill level 10 in Ice Magic
  3411 | D:9      | Reached skill level 10 in Air Magic
  3411 | D:9      | Reached skill level 10 in Earth Magic
  3411 | D:9      | Reached skill level 10 in Alchemy
  3537 | D:10     | Found a white marble altar of Elyvilon.
  3550 | D:10     | Found Dajimo's Changing Room.
  3641 | D:10     | Bought a potion of lignification for 36 gold pieces
  3730 | D:12     | Noticed a two-headed ogre
  3730 | D:12     | Noticed a green ugly thing
  3730 | D:12     | Noticed a purple ugly thing
  4058 | D:13     | Noticed a tengu warrior
  4062 | D:13     | Noticed an orc knight
  4071 | D:13     | Killed a tengu warrior
  4080 | D:13     | Killed an orc knight
  4122 | D:12     | Reached XP level 12. HP: 37/91 MP: 0/0
  4181 | D:13     | Noticed a four-headed hydra
  4311 | D:14     | Noticed a six-headed hydra
  4376 | D:12     | Killed a two-headed ogre
  4377 | D:12     | Reached skill level 10 in Fighting
  4496 | D:12     | Identified the +1 leather armour of Activism {+Inv Str+3
                  | Dex+5}
  4580 | D:11     | Found a staircase to the Orcish Mines.
  4583 | D:11     | Found a portal to a secret trove of treasure.
  5015 | D:11     | Noticed a boulder beetle
  5025 | D:11     | Killed a boulder beetle
  5610 | D:10     | Found a staircase to the Lair.
  5616 | Lair:1   | Entered Level 1 of the Lair of Beasts
  5743 | Lair:2   | Identified the +6 mace of the End of Times {elec, rPois}
  5783 | Lair:2   | Reached XP level 13. HP: 36/99 MP: 0/0
  5783 | Lair:2   | Learned a level 5 spell: Irradiate
  5840 | Lair:2   | Found a staircase to the Snake Pit.
  5985 | Lair:4   | Identified the +6 dagger of Ragnarok {drain, rElec rF+++
                  | Str-4 Stlth-}
  6001 | Lair:4   | Found a gate leading to a gauntlet.
  6021 | Gauntlet | Entered a Gauntlet
  6021 | Gauntlet | Found a transporter.
  6025 | Gauntlet | Found a transporter.
  6026 | Gauntlet | Found a transporter.
  6026 | Gauntlet | Found a transporter.
  6056 | Gauntlet | Found a runed translucent gate.
  6056 | Gauntlet | Found a runed translucent gate.
  6056 | Gauntlet | Found a runed translucent gate.
  6058 | Gauntlet | Found a transporter.
  6060 | Gauntlet | Found a transporter.
  6061 | Gauntlet | Found a transporter.
  6194 | Gauntlet | Found a transporter.
  6195 | Gauntlet | Found a transporter.
  6195 | Gauntlet | Found a transporter.
  6275 | Gauntlet | Found a transporter.
  6276 | Gauntlet | Found a transporter.
  6276 | Gauntlet | Found a transporter.
  6281 | Gauntlet | Identified the ring "Ugan Gavait" {*Slow Fly rPois Dex+5}
  6424 | Gauntlet | Found a transporter.
  6503 | Gauntlet | Gained mutation: Your body sometimes deteriorates upon
                  | taking damage. [potion of mutation]
  6503 | Gauntlet | Gained mutation: You are weak. (Str -2) [potion of
                  | mutation]
  6503 | Gauntlet | Gained mutation: You are partially covered in iridescent
                  | scales. (AC +2) [potion of mutation]
  6505 | Gauntlet | Lost mutation: You are weak. (Str -2) [potion of mutation]
  6505 | Gauntlet | Lost mutation: You are partially covered in iridescent
                  | scales. (AC +2) [potion of mutation]
  6505 | Gauntlet | Lost mutation: Your body sometimes deteriorates upon taking
                  | damage. [potion of mutation]
  6505 | Gauntlet | Gained mutation: You are agile. (Dex +4, Str/Int -1)
                  | [potion of mutation]
  6505 | Gauntlet | Gained mutation: You have a beak for a mouth. [potion of
                  | mutation]
  6518 | Gauntlet | Noticed a minotaur
  6528 | Gauntlet | Killed a minotaur
  6543 | Gauntlet | Identified the +1 dagger of the Protecting King {heavy,
                  | Dex+4}
  6580 | Lair:5   | Entered Level 5 of the Lair of Beasts
  6614 | Lair:4   | Noticed Nessos
  6618 | Lair:4   | Noticed an eight-headed hydra
  6625 | Lair:4   | Killed Nessos
  6627 | Lair:4   | Killed an eight-headed hydra
  6646 | Lair:3   | Noticed Kirke
  6831 | Lair:5   | Found a viscous altar of Jiyva.
  6831 | Lair:5   | Found a staircase to the Slime Pits.
  6836 | Lair:5   | Became a worshipper of Jiyva Jisuq the Shapeless
  6860 | Lair:5   | Noticed a catoblepas
  6878 | Lair:5   | Killed a catoblepas
  6930 | Lair:5   | Noticed a catoblepas
  6979 | Lair:5   | Killed a catoblepas
  7025 | Lair:5   | Identified the +4 ring mail "Veiboa Xaim" {rElec rN+ Will+
                  | Stlth+}
  7025 | Lair:5   | Found the +9 sword of Zonguldrok {reap}
  7084 | Lair:5   | Reached * piety under Jiyva
  7117 | Lair:5   | Reached XP level 14. HP: 52/107 MP: 0/0
  7666 | Lair:3   | Reached ** piety under Jiyva
  7763 | Lair:3   | Killed Kirke
  7776 | Lair:2   | Gained mutation: You are weak. (Str -2) [mutagenic glow]
  7787 | Lair:2   | Gained mutation: Potions are less effective at restoring
                  | your health. [mutagenic glow]
  7899 | Orc:1    | Entered Level 1 of the Orcish Mines
  7955 | Orc:2    | Entered Level 2 of the Orcish Mines
  7958 | Orc:2    | Found Filohoam's Assorted Antiques.
  7959 | Orc:2    | Found Ripon's Antique Weapon Emporium.
  7960 | Orc:2    | Found Vuty's Armour Emporium.
  7964 | Orc:2    | Reached skill level 15 in Spellcasting
  7964 | Orc:2    | Reached skill level 15 in Conjurations
  7964 | Orc:2    | Reached skill level 15 in Hexes
  7964 | Orc:2    | Reached skill level 15 in Summonings
  7964 | Orc:2    | Reached skill level 15 in Necromancy
  7964 | Orc:2    | Reached skill level 15 in Translocations
  7964 | Orc:2    | Reached skill level 15 in Fire Magic
  7964 | Orc:2    | Reached skill level 15 in Ice Magic
  7964 | Orc:2    | Reached skill level 15 in Air Magic
  7964 | Orc:2    | Reached skill level 15 in Earth Magic
  7964 | Orc:2    | Reached skill level 15 in Alchemy
  7976 | Orc:2    | Reached XP level 15. HP: 49/115 MP: 0/0
  7976 | Orc:2    | Learned a level 6 spell: Bombard
  8003 | Orc:2    | Noticed Donald
  8019 | Orc:2    | Killed Donald
  8224 | Orc:2    | Found Soug's Antique Weapon Shoppe.
  8254 | Orc:2    | Bought an ivory ring for 145 gold pieces
  8254 | Orc:2    | Bought a scroll of teleportation for 87 gold pieces
  8309 | Orc:2    | Found Dyplir's Vocational Training.
  8313 | Orc:2    | Reached *** piety under Jiyva
  8337 | Orc:1    | Found Isumauv's Weapon Shop.
  8367 | Orc:2    | Found a staircase to the Elven Halls.
  8378 | Elf:1    | Entered Level 1 of the Elven Halls
  8455 | Elf:1    | Lost mutation: Potions are less effective at restoring your
                  | health. [Jiyva's grace]
  8455 | Elf:1    | Gained mutation: You have a small jelly attached to you
                  | that may absorb projectiles. [Jiyva's grace]
  8455 | Elf:1    | Gained mutation: Your mind is acute. (Int +4, Str/Dex -1)
                  | [Jiyva's grace]
  8455 | Elf:1    | Gained mutation: Your mind is very acute. (Int +8, Str/Dex
                  | -2) [Jiyva's grace]
  8455 | Elf:1    | Gained mutation: You are partially covered in large bone
                  | plates. (SH +4) [Jiyva's grace]
  8618 | Elf:1    | Reached skill level 10 in Dodging
  8809 | Elf:2    | Reached XP level 16. HP: 86/124 MP: 0/0
  8853 | Elf:1    | Identified the +1 whip "Iwiamoj" {holy, rPois Dex+2 SInv}
  8873 | Elf:1    | Reached **** piety under Jiyva
  8898 | Elf:1    | Found Vehirghel's Book Shoppe.
  8900 | Elf:1    | Found Uciegib's Jewellery Boutique.
  8902 | Elf:1    | Found Xoyluenn's Book Shoppe.
  8910 | Elf:1    | Bought a +6 ring of intelligence for 468 gold pieces
  9015 | Elf:3    | Entered Level 3 of the Elven Halls
  9044 | Elf:3    | Noticed a Hell Sentinel
  9111 | Elf:3    | Identified the ring of Ycoclayro {^Drain rC- rCorr Int+5
                  | SInv Stlth+}
  9111 | Elf:3    | Noticed a deep elf master archer
  9116 | Elf:3    | Killed a deep elf master archer
  9192 | Elf:3    | Reached skill level 15 in Fighting
  9249 | Elf:3    | Noticed a deep elf master archer
  9282 | Elf:3    | Noticed a deep elf blademaster
  9290 | Elf:3    | Identified the ring "Aqaror" {Fly rElec rF+ rN+ MP-9}
  9290 | Elf:3    | Noticed a deep elf blademaster
  9369 | Elf:3    | Noticed a deep elf sorcerer
  9383 | Elf:3    | Killed a deep elf sorcerer
  9429 | Elf:3    | Identified the amulet of Nemelex Xobeh's Anger {rPois rF-
                  | rC+ rN+ Regen+}
  9460 | Elf:3    | Killed a deep elf blademaster
  9464 | Elf:3    | Killed a deep elf blademaster
  9547 | Elf:3    | Found a flickering gateway to a bazaar.
  9552 | Bazaar   | Entered a bazaar
  9555 | Bazaar   | Found Mipeikk's Distillery.
  9560 | Bazaar   | Bought a potion of heal wounds for 75 gold pieces
  9560 | Bazaar   | Bought a potion of curing for 45 gold pieces
  9560 | Bazaar   | Bought a potion of resistance for 150 gold pieces
  9560 | Bazaar   | Bought a potion of curing for 45 gold pieces
  9566 | Bazaar   | Found Aluzxeot's General Store.
  9575 | Bazaar   | Bought a scroll of immolation for 56 gold pieces
  9583 | Bazaar   | Found Tefoups's Assorted Antiques.
  9583 | Bazaar   | Reached ***** piety under Jiyva
  9588 | Bazaar   | Bought a jewelled iron wand for 76 gold pieces
  9588 | Bazaar   | Bought a potion of mutation for 152 gold pieces
  9588 | Bazaar   | Bought a scroll of blinking for 142 gold pieces
  9609 | Bazaar   | Found Tivatwec's Weapon Boutique.
  9699 | Elf:3    | Got a shimmering gem with 549 turns to spare
  9700 | Elf:3    | Identified the +1 dagger of Jaoxtots {flame, Dex+6}
  9700 | Elf:3    | Noticed a deep elf sorcerer
  9702 | Elf:3    | Killed a deep elf sorcerer
  9703 | Elf:3    | Gained mutation: Armour fits poorly on your strangely
                  | shaped body. [mutagenic glow]
  9713 | Elf:3    | Identified the +9 great mace "Afimmul" {venom, rElec rCorr
                  | Dex-3 SInv}
  9713 | Elf:3    | Identified the +3 ring mail of the Cartwright {Str+2}
  9728 | Elf:3    | Identified the +1 dagger of Cheese {freeze, rCorr}
  9739 | Elf:3    | Gained mutation: You are very weak. (Str -4) [mutagenic
                  | glow]
  9773 | Elf:3    | Reached XP level 17. HP: 114/132 MP: 0/0
  9773 | Elf:3    | Learned a level 7 spell: Monstrous Menagerie
  9809 | Elf:2    | Lost mutation: Your mind is very acute. (Int +8, Str/Dex
                  | -2) [Jiyva's grace]
  9809 | Elf:2    | Lost mutation: You are very weak. (Str -4) [Jiyva's grace]
  9809 | Elf:2    | Gained mutation: You are resistant to electric shocks.
                  | (rElec) [Jiyva's grace]
  9809 | Elf:2    | Gained mutation: You are strong-willed. (Will+) [Jiyva's
                  | grace]
  9809 | Elf:2    | Gained mutation: You are highly strong-willed. (Will++)
                  | [Jiyva's grace]
  9809 | Elf:2    | Gained mutation: You are extremely strong-willed. (Will+++)
                  | [Jiyva's grace]
  9816 | Elf:2    | Found a runed translucent gate.
  9817 | Elf:2    | Found a runed translucent gate.
  9817 | Elf:2    | Found a runed translucent gate.
  9832 | Elf:2    | Found a runed translucent door.
  9839 | Elf:2    | Noticed Hans's ghost (adept SpHu)
  9854 | Elf:2    | Killed Hans's ghost
  9972 | Elf:1    | Reached skill level 1 in Shields
 10095 | Orc:2    | Bought a scroll of enchant armour for 217 gold pieces
 10327 | D:15     | Entered Level 15 of the Dungeon
 10755 | D:13     | Found a gate to the Vaults.
 10932 | Lair:1   | Lost mutation: You have a beak for a mouth. [Jiyva's grace]
 10932 | Lair:1   | Gained mutation: Your body has grown eyes which may confuse
                  | attackers. (Acc +3) [Jiyva's grace]
 10932 | Lair:1   | Gained mutation: Your body has grown many eyes which may
                  | confuse attackers. (Acc +5) [Jiyva's grace]
 10932 | Lair:1   | Gained mutation: Your body is covered in eyes which may
                  | confuse attackers. (Acc +7, SInv) [Jiyva's grace]
 10932 | Lair:1   | Gained mutation: You are covered in slimy tendrils that may
                  | disarm your opponents. [Jiyva's grace]
 11130 | Lair:2   | Found a staircase to the Swamp.
 11136 | Swamp:1  | Entered Level 1 of the Swamp
 11259 | Swamp:2  | Reached ****** piety under Jiyva
 11288 | Swamp:3  | Reached skill level 5 in Shields
 11514 | Swamp:4  | Entered Level 4 of the Swamp
 11538 | Swamp:3  | You are sucked into a shaft and drop 1 floor!
 11600 | Swamp:4  | Reached XP level 18. HP: 139/141 MP: 0/0
 11672 | Swamp:4  | Got a mossy gem with 1265 turns to spare
 11674 | Swamp:4  | Got a decaying rune of Zot
 11880 | Snake:1  | Entered Level 1 of the Snake Pit
 12126 | Snake:3  | Noticed Vashnia
 12216 | Snake:2  | Lost mutation: You are extremely strong-willed. (Will+++)
                  | [Jiyva's grace]
 12216 | Snake:2  | Lost mutation: You are resistant to electric shocks.
                  | (rElec) [Jiyva's grace]
 12216 | Snake:2  | Lost mutation: You are weak. (Str -2) [Jiyva's grace]
 12216 | Snake:2  | Lost mutation: Your body is covered in eyes which may
                  | confuse attackers. (Acc +7, SInv) [Jiyva's grace]
 12216 | Snake:2  | Lost mutation: You are covered in slimy tendrils that may
                  | disarm your opponents. [Jiyva's grace]
 12216 | Snake:2  | Gained mutation: Your muscles are strong. (Str +4, Int/Dex
                  | -1) [Jiyva's grace]
 12216 | Snake:2  | Gained mutation: Your muscles are very strong. (Str +8,
                  | Int/Dex -2) [Jiyva's grace]
 12216 | Snake:2  | Gained mutation: Your body is covered in eyes which may
                  | confuse attackers. (Acc +7, SInv) [Jiyva's grace]
 12216 | Snake:2  | Gained mutation: Your mind is very acute. (Int +8, Str/Dex
                  | -2) [Jiyva's grace]
 12298 | Snake:3  | Killed Vashnia
 12313 | Snake:4  | Entered Level 4 of the Snake Pit
 12473 | Snake:4  | Reached XP level 19. HP: 104/148 MP: 0/0
 12473 | Snake:4  | Learned a level 6 spell: Death Channel
 12571 | Snake:4  | Got a serpentine rune of Zot
 12644 | Snake:4  | Reached skill level 10 in Shields
 12838 | Slime:1  | Entered Level 1 of the Pits of Slime
 12868 | Slime:5  | Entered Level 5 of the Pits of Slime
 12880 | Slime:5  | Identified the +1 leather armour of the Constellations
                  | {-Cast rN+ Regen+}
 12885 | Slime:5  | Found a viscous altar of Jiyva.
 12897 | Slime:5  | Found the +5 Storm Queen's Shield {shock, Fly rElec}
 12904 | Slime:5  | Noticed the Royal Jelly
 12905 | Slime:5  | Identified the +4 quarterstaff of Red Tenacity {flame,
                  | Dex+2}
 12917 | Slime:5  | Identified the +10 scimitar "Zaow" {holy, rCorr Int+3}
 12927 | Slime:5  | Got a starry gem with 513 turns to spare
 12929 | Slime:5  | Got a slimy rune of Zot
 13199 | Vaults:1 | Entered Level 1 of the Vaults
 13773 | Vaults:2 | Reached XP level 20. HP: 110/157 MP: 0/0
 13825 | Vaults:3 | Lost mutation: Armour fits poorly on your strangely shaped
                  | body. [Jiyva's grace]
 13825 | Vaults:3 | Lost mutation: You are highly strong-willed. (Will++)
                  | [Jiyva's grace]
 13825 | Vaults:3 | Lost mutation: Your body is covered in eyes which may
                  | confuse attackers. (Acc +7, SInv) [Jiyva's grace]
 13825 | Vaults:3 | Lost mutation: Your body has grown many eyes which may
                  | confuse attackers. (Acc +5) [Jiyva's grace]
 13825 | Vaults:3 | Gained mutation: You are partially covered in iridescent
                  | scales. (AC +2) [Jiyva's grace]
 13825 | Vaults:3 | Gained mutation: You are mostly covered in iridescent
                  | scales. (AC +4) [Jiyva's grace]
 13825 | Vaults:3 | Gained mutation: You are completely covered in iridescent
                  | scales. (AC +6) [Jiyva's grace]
 13825 | Vaults:3 | Gained mutation: Your body has grown many eyes which may
                  | confuse attackers. (Acc +5) [Jiyva's grace]
 13863 | Vaults:3 | Noticed Jory
 13873 | Vaults:3 | Killed Jory
 14427 | Vaults:2 | You are sucked into a shaft and drop 2 floors!
 14737 | Vaults:5 | Entered Level 5 of the Vaults
 14758 | Vaults:5 | Reached XP level 21. HP: 142/165 MP: 0/0
 14758 | Vaults:5 | Learned a level 7 spell: Haunt
 14791 | Vaults:5 | Noticed a golden dragon
 14797 | Vaults:5 | Noticed a dread lich
 14805 | Vaults:5 | Killed a dread lich
 14817 | Vaults:5 | Killed a golden dragon
 14936 | Vaults:5 | Noticed a golden dragon
 14941 | Vaults:5 | Killed a golden dragon
 15032 | Vaults:5 | Got a silver rune of Zot
 15035 | Vaults:5 | Got a shining gem with 1915 turns to spare
 15037 | Vaults:5 | Identified the staff "Boiwn" {rElec rF+ rC- rN+ Will+ Air}
 15145 | Vaults:5 | Identified the +5 sling of Harmony {antimagic, ^Contam rN+
                  | rCorr Int+3}
 15176 | Vaults:5 | Identified the +3 scale mail of Cynicism {-Tele Rampage
                  | Int+4}
 15192 | Vaults:5 | Reached XP level 22. HP: 103/175 MP: 0/0
 15199 | Vaults:5 | Lost mutation: You are completely covered in iridescent
                  | scales. (AC +6) [Jiyva's grace]
 15199 | Vaults:5 | Lost mutation: Your body has grown many eyes which may
                  | confuse attackers. (Acc +5) [Jiyva's grace]
 15199 | Vaults:5 | Lost mutation: You have a small jelly attached to you that
                  | may absorb projectiles. [Jiyva's grace]
 15199 | Vaults:5 | Gained mutation: You have a small jelly attached to you
                  | that may absorb projectiles. [Jiyva's grace]
 15199 | Vaults:5 | Gained mutation: Your translucent skin slightly reduces
                  | your foes' accuracy. (Stealth+) [Jiyva's grace]
 15199 | Vaults:5 | Gained mutation: Your translucent skin reduces your foes'
                  | accuracy. (Stealth+) [Jiyva's grace]
 15199 | Vaults:5 | Gained mutation: Your transparent skin significantly
                  | reduces your foes' accuracy. (Stealth+) [Jiyva's grace]
 15231 | Vaults:5 | Identified the +2 robe of the Gate {Int+3}
 15243 | Vaults:5 | Noticed a dread lich
 15270 | Vaults:5 | Killed a dread lich
 15308 | Vaults:5 | Identified the +5 ring mail of Gioz {Int+4 Dex+2 SInv}
 15354 | Vaults:5 | Noticed a golden dragon
 15358 | Vaults:5 | Killed a golden dragon
 15385 | Vaults:5 | Noticed an ancient lich
 15391 | Vaults:5 | Killed an ancient lich
 15743 | Vaults:4 | Reached skill level 5 in Evocations
 16166 | Vaults:2 | Found a staircase to the Crypt.
 16175 | Crypt:1  | Entered Level 1 of the Crypt
 16237 | Crypt:1  | Identified the orb of Peggemid {*channel, rF++}
 16237 | Crypt:1  | Noticed Frederick
 16249 | Crypt:1  | Killed Frederick
 16313 | Crypt:1  | Lost mutation: You are mostly covered in iridescent scales.
                  | (AC +4) [Jiyva's grace]
 16313 | Crypt:1  | Lost mutation: You are partially covered in iridescent
                  | scales. (AC +2) [Jiyva's grace]
 16313 | Crypt:1  | Lost mutation: You are agile. (Dex +4, Str/Int -1) [Jiyva's
                  | grace]
 16313 | Crypt:1  | Lost mutation: Your mind is very acute. (Int +8, Str/Dex
                  | -2) [Jiyva's grace]
 16313 | Crypt:1  | Lost mutation: You are strong-willed. (Will+) [Jiyva's
                  | grace]
 16313 | Crypt:1  | Lost mutation: Your body has grown eyes which may confuse
                  | attackers. (Acc +3) [Jiyva's grace]
 16313 | Crypt:1  | Gained mutation: You possess an exceptional clarity of
                  | mind. [Jiyva's grace]
 16313 | Crypt:1  | Gained mutation: You have acidic saliva. [Jiyva's grace]
 16313 | Crypt:1  | Gained mutation: You expend health (3 HP) to strengthen
                  | your wands. [Jiyva's grace]
 16313 | Crypt:1  | Gained mutation: You are strong-willed. (Will+) [Jiyva's
                  | grace]
 16337 | Crypt:2  | Found a runed translucent door.
 16337 | Crypt:2  | Noticed Qyg Kex's ghost (adept OpEE)
 16365 | Crypt:2  | Killed Qyg Kex's ghost
 16420 | Crypt:3  | Entered Level 3 of the Crypt
 16529 | Crypt:2  | Reached XP level 23. HP: 112/185 MP: 0/0
 16529 | Crypt:2  | Learned a level 8 spell: Discord
 16713 | Crypt:2  | You are sucked into a shaft and drop 1 floor!
 16733 | Crypt:3  | Found a staircase to the Tomb.
 16752 | Crypt:3  | Got an ivory gem with 1221 turns to spare
 16813 | Crypt:3  | Noticed Vv
 16819 | Crypt:3  | Noticed a profane servitor
 16838 | Crypt:3  | Killed Vv
 16844 | Crypt:3  | Killed a profane servitor
 16893 | Crypt:3  | Identified the staff of the Living Dead {rF+ rN+ Int+3
                  | Dex-4 Fire}
 17020 | Crypt:3  | Identified the staff of Certain Death {rPois Conj}
 17053 | Crypt:3  | Found the +7 great mace "Undeadhunter" {deathbane, rN+}
 17066 | Crypt:3  | Identified the ring of Plog {Ice +Blink}
 17181 | Crypt:3  | Identified the +1 scimitar of Defiance {flame, rC+ rN++
                  | Will-}
 17588 | D:15     | Found a staircase to the Depths.
 17598 | Depths:1 | Entered Level 1 of the Depths
 17605 | Depths:1 | Found a gateway to Hell.
 17637 | Depths:1 | Found a corrupted altar of Lugonu.
 17637 | Depths:1 | Found a one-way gate to the infinite horrors of the Abyss.
 17761 | Depths:2 | Found Siavadi's Assorted Antiques.
 17797 | Depths:2 | Bought a potion of curing for 111 gold pieces
 17797 | Depths:2 | Bought a scroll of teleportation for 111 gold pieces
 17797 | Depths:2 | Bought a scroll labelled HURAKLYWUI for 37 gold pieces
 17805 | Depths:2 | Lost mutation: You possess an exceptional clarity of mind.
                  | [Jiyva's grace]
 17805 | Depths:2 | Lost mutation: Your muscles are very strong. (Str +8,
                  | Int/Dex -2) [Jiyva's grace]
 17805 | Depths:2 | Lost mutation: You have acidic saliva. [Jiyva's grace]
 17805 | Depths:2 | Lost mutation: Your transparent skin significantly reduces
                  | your foes' accuracy. (Stealth+) [Jiyva's grace]
 17805 | Depths:2 | Gained mutation: You have acidic saliva. [Jiyva's grace]
 17805 | Depths:2 | Gained mutation: You have a somewhat thin skeletal
                  | structure. (Dex +2, Stealth+) [Jiyva's grace]
 17805 | Depths:2 | Gained mutation: You have a moderately thin skeletal
                  | structure. (Dex +4, Stealth++) [Jiyva's grace]
 17805 | Depths:2 | Gained mutation: You have an unnaturally thin skeletal
                  | structure. (Dex +6, Stealth+++) [Jiyva's grace]
 17859 | Depths:1 | Reached XP level 24. HP: 185/197 MP: 0/0
 17970 | Depths:2 | Reached skill level 10 in Evocations
 17986 | Depths:2 | Noticed a juggernaut
 17990 | Depths:2 | Noticed a juggernaut
 17990 | Depths:2 | Killed a juggernaut
 17997 | Depths:2 | Killed a juggernaut
 18048 | Depths:2 | Reached skill level 1 in Shapeshifting
 18070 | Depths:2 | Noticed a golden dragon
 18079 | Depths:2 | Killed a golden dragon
 18103 | Depths:2 | Identified a scroll of acquirement
 18113 | Depths:2 | Acquired a manual of Shapeshifting
 18187 | Depths:3 | Noticed a golden dragon
 18199 | Depths:3 | Killed a golden dragon
 18218 | Depths:3 | Reached skill level 5 in Shapeshifting
 18361 | Depths:3 | Noticed a golden dragon
 18368 | Depths:3 | Noticed a golden dragon
 18372 | Depths:3 | Killed a golden dragon
 18377 | Depths:3 | Killed a golden dragon
 18480 | Depths:3 | Reached XP level 25. HP: 197/206 MP: 0/0
 18480 | Depths:3 | Learned a level 9 spell: Shatter
 18488 | Depths:4 | Entered Level 4 of the Depths
 18583 | Depths:3 | Found a one-way gateway to a ziggurat.
 18597 | Zig:1    | Entered Level 1 of a ziggurat
 18615 | Zig:2    | Entered Level 2 of a ziggurat
 18643 | Zig:3    | Entered Level 3 of a ziggurat
 18663 | Zig:3    | Reached XP level 26. HP: 160/215 MP: 0/0
 18664 | Zig:3    | Identified the staff of Honour {+Blink rC+ Ice}
 18671 | Zig:4    | Entered Level 4 of a ziggurat
 18673 | Zig:4    | Noticed a royal mummy
 18677 | Zig:4    | Killed a royal mummy
 18688 | Zig:4    | Upgraded the game from 0.32-a0-132-g2d33c3cfaf to
                  | 0.32-a0-135-g14f8b2e1af
 18714 | Zig:5    | Entered Level 5 of a ziggurat
 18727 | Zig:5    | Identified the +0 ring mail of Riozihue {*Corrode Will+
                  | Regen+}
 18729 | Zig:5    | Identified the +9 morningstar of War {venom, +Blink rF+}
 18732 | Zig:6    | Entered Level 6 of a ziggurat
 18756 | Zig:6    | Identified the ring of Pagesuac {rN++ Int-4 SInv}
 18769 | Zig:6    | Identified the staff "Leurgh" {Fly rElec rPois Str-2 Int+5
                  | Alchemy}
 18772 | Zig:7    | Entered Level 7 of a ziggurat
 18777 | Zig:7    | Noticed a Killer Klown
 18778 | Zig:7    | Noticed a Killer Klown
 18780 | Zig:7    | Killed a Killer Klown
 18781 | Zig:7    | Killed a Killer Klown
 18787 | Zig:7    | Identified the staff of the Moth {*Corrode rF+ Int+5 Dex+2
                  | Hexes Fire}
 18796 | Zig:8    | Entered Level 8 of a ziggurat
 18821 | Zig:8    | Reached XP level 27. HP: 221/221 MP: 0/0
 18821 | Zig:8    | Learned a level 9 spell: Death's Door
 18839 | Zig:9    | Entered Level 9 of a ziggurat
 18839 | Zig:9    | Lost mutation: Your translucent skin reduces your foes'
                  | accuracy. (Stealth+) [Jiyva's grace]
 18839 | Zig:9    | Gained mutation: Your rubbery body absorbs attacks. (AC +1,
                  | EV +1) [Jiyva's grace]
 18839 | Zig:9    | Gained mutation: Your pliable body absorbs attacks. (AC +2,
                  | EV +2) [Jiyva's grace]
 18839 | Zig:9    | Gained mutation: Your gelatinous body deflects attacks. (AC
                  | +3, EV +3) [Jiyva's grace]
 18839 | Zig:9    | Gained mutation: You are partially covered in iridescent
                  | scales. (AC +2) [Jiyva's grace]
 18848 | Zig:9    | Noticed a Killer Klown
 18858 | Zig:9    | Killed a Killer Klown
 18859 | Zig:9    | Killed a Killer Klown
 18863 | Zig:9    | Found the +11 Singing Sword {sonic wave}
 18871 | Zig:9    | Identified the +0 chain mail "Olies" {rC+++ Will+ rCorr
                  | Int-3}
 18880 | Zig:10   | Entered Level 10 of a ziggurat
 18888 | Zig:10   | Noticed an ancient lich
 18890 | Zig:10   | Killed an ancient lich
 18892 | Zig:10   | Reached skill level 10 in Shapeshifting
 18914 | Zig:11   | Entered Level 11 of a ziggurat
 18923 | Zig:11   | Noticed Unamig the pandemonium lord
 18923 | Zig:11   | Noticed a Killer Klown
 18924 | Zig:11   | Noticed a Killer Klown
 18925 | Zig:11   | Killed a Killer Klown
 18926 | Zig:11   | Killed Unamig the pandemonium lord
 18926 | Zig:11   | Noticed a Killer Klown
 18927 | Zig:11   | Killed a Killer Klown
 18928 | Zig:11   | Killed a Killer Klown
 18928 | Zig:11   | Noticed a Killer Klown
 18930 | Zig:11   | Killed a Killer Klown
 18941 | Zig:11   | Identified the staff of Bile {rPois rF+ Summ Fire}
 18954 | Zig:11   | Identified the +0 chain mail of Contentment {Regen+ Int+2}
 18956 | Zig:12   | Entered Level 12 of a ziggurat
 18971 | Zig:12   | Was placed under penance by Jiyva
 18989 | Zig:12   | Reached skill level 1 in Long Blades
 19027 | Zig:12   | Identified the +12 hand axe of Cilitsan {freeze, rElec
                  | rPois Will+++ Str-3}
 19083 | Zig:13   | Entered Level 13 of a ziggurat
 19090 | Zig:13   | Noticed a dread lich
 19091 | Zig:13   | Killed a dread lich
 19091 | Zig:13   | Noticed a dread lich
 19093 | Zig:13   | Killed a dread lich
 19099 | Zig:13   | Reached skill level 5 in Long Blades
 19118 | Zig:13   | Identified the +0 scale mail of Awnucs {Fly rN+ Will++
                  | Str-2}
 19122 | Zig:13   | Identified the staff "Ratoesir" {rN+ rCorr Necro}
 19161 | Zig:14   | Entered Level 14 of a ziggurat
 19183 | Zig:14   | Identified the +1 sling "Gocam" {heavy, MP+9}
 19184 | Zig:14   | Identified the +6 morningstar of Laceration {heavy, rC+}
 19193 | Zig:14   | Identified the staff of Jaotute {rN+ Int+5 Necro}
 19222 | Zig:15   | Entered Level 15 of a ziggurat
 19266 | Zig:16   | Entered Level 16 of a ziggurat
 19273 | Zig:16   | Noticed a shard shrike
 19273 | Zig:16   | Noticed a shard shrike
 19281 | Zig:16   | Was forgiven by Jiyva
 19284 | Zig:17   | Entered Level 17 of a ziggurat
 19303 | Zig:17   | Reached skill level 5 in Armour
 19316 | Zig:17   | Identified the amulet of Joovuc {RegenMP rElec rCorr Int-3}
 19326 | Zig:18   | Entered Level 18 of a ziggurat
 19344 | Zig:18   | Found the +3 pair of gauntlets of War {Slay+5}
 19359 | Zig:18   | Identified the amulet of the Albatross {Faith Rampage Fly
                  | rC- Slay+3}
 19360 | Zig:18   | Identified the ring "Ownac" {rN+ Will+ Int+3}
 19385 | Zig:18   | Identified the +5 short sword of the Wasteland {flame,
                  | Dex+5 SInv}
 19393 | Zig:18   | Identified the +2 leather armour "Seaff" {rPois rN+ Int+4}
 19396 | Zig:19   | Entered Level 19 of a ziggurat
 19434 | Zig:19   | Identified the +2 helmet of Egalitarianism {MP+9}
 19442 | Zig:19   | Acquired the +1 helmet "Veluxupt" {+Inv MP+9 Str+2 Int+3}
 19446 | Zig:19   | Identified the amulet "Heig" {Acrobat Harm rF+ rC+ Str-5}
 19447 | Zig:19   | Identified the +1 robe of a treasure trove {rElec rN+ Will+
                  | Int-2}
 19456 | Zig:19   | Identified the staff "Nekami" {rElec rCorr Dex-2 Conj Tloc
                  | Air}
 19466 | Zig:20   | Entered Level 20 of a ziggurat
 19493 | Zig:20   | Found the +3 giant club "Skullcrusher" {speed, Str+7}
 19509 | Zig:20   | Identified the ring "Isiecerye" {rElec rF- rN+ rCorr Int+8}
 19550 | Zig:21   | Entered Level 21 of a ziggurat
 19586 | Zig:21   | Found the +9 sword of Power {lifebolt}
 19596 | Zig:21   | Identified the +3 dagger of Dismay {flame, ^Drain rC+++
                  | Will- SInv}
 19600 | Zig:21   | Identified the +0 robe of the Trombone {rElec Will+ Str+2}
 19614 | Zig:22   | Entered Level 22 of a ziggurat
 19683 | Zig:22   | Identified the ring of Ewnaq {rElec rC+ rCorr Int-4 Dex+4}
 19686 | Zig:23   | Entered Level 23 of a ziggurat
 19798 | Zig:23   | Reached skill level 15 in Shapeshifting
 19802 | Zig:23   | Found the +9 staff of Olgreb {rPois∞}
 19805 | Zig:23   | Found the +8 trishula "Condemnation" {holy, anguish, *Noise
                  | Fly rN+}
 19811 | Zig:23   | Identified the amulet "Fodghar" {+Inv rPois Regen+ Dex-5}
 19829 | Zig:23   | Identified the ring "Eluenumn" {Wiz rF+ Int+6}
 19838 | Zig:23   | Identified the staff of Reinforcement {rPois rC+ Will+
                  | Dex+3 Ice}
 19841 | Zig:24   | Entered Level 24 of a ziggurat
 19870 | Zig:24   | Reached skill level 15 in Evocations
 19870 | Zig:24   | Found the +5 glaive of the Guard {elec, spectral}
 19879 | Zig:24   | Identified the +10 glaive of the Warrior-Mage {flame,
                  | +Blink Int-2 Dex+6}
 19892 | Zig:24   | Identified the staff of Defence by Offence {rPois Str+8
                  | Int-5 Necro Alchemy}
 19900 | Zig:25   | Entered Level 25 of a ziggurat
 19930 | Zig:25   | Found the +7 sceptre of Torment {pain, torment}
 19931 | Zig:25   | Found the +8 Wrath of Trog {antimagic, *Rage Rampage}
 19938 | Zig:25   | Identified the amulet "Weapn" {RegenMP Regen+ Dex+3}
 19962 | Zig:25   | Identified the +1 leather armour of the Past {rN+}
 19963 | Zig:25   | Identified the +8 great sword "Giantslayer" {freeze, Int+3}
 19965 | Zig:26   | Entered Level 26 of a ziggurat
 20038 | Zig:27   | Entered Level 27 of a ziggurat
 20056 | Zig:27   | Reached skill level 15 in Shields
 20073 | Zig:27   | Reached skill level 15 in Dodging
 20105 | Zig:27   | Reached skill level 27 in Fighting
 20109 | Zig:27   | Identified the ring of Ner Irogg {rF- rCorr AC+4 Int-2
                  | Dex+8}
 20124 | Zig:1    | Entered Level 1 of a ziggurat
 20152 | Zig:2    | Entered Level 2 of a ziggurat
 20168 | Zig:3    | Entered Level 3 of a ziggurat
 20181 | Zig:3    | Identified the +3 leather armour "Jette" {rPois rF+ Str-5
                  | Int+5 Dex+2}
 20188 | Zig:4    | Entered Level 4 of a ziggurat
 20190 | Zig:4    | Noticed a royal mummy
 20191 | Zig:4    | Noticed a royal mummy
 20194 | Zig:4    | Killed a royal mummy
 20196 | Zig:4    | Killed a royal mummy
 20264 | Zig:5    | Entered Level 5 of a ziggurat
 20270 | Zig:5    | Reached skill level 5 in Stealth
 20293 | Zig:5    | Identified the ring "Vacov" {+Blink rPois rF+ EV+5 Stlth-}
 20330 | Zig:6    | Entered Level 6 of a ziggurat
 20344 | Zig:6    | Identified the ring "Siash" {rElec Dex+6}
 20347 | Zig:6    | Identified the ring "Vuel" {rPois rF+}
 20351 | Zig:7    | Entered Level 7 of a ziggurat
 20358 | Zig:7    | Noticed a Killer Klown
 20359 | Zig:7    | Noticed a Killer Klown
 20359 | Zig:7    | Noticed a Killer Klown
 20359 | Zig:7    | Noticed a Killer Klown
 20360 | Zig:7    | Noticed a Killer Klown
 20360 | Zig:7    | Noticed Wyifeabra the pandemonium lord
 20361 | Zig:7    | a Killer Klown changed into a golden dragon
 20361 | Zig:7    | Killed a Killer Klown
 20361 | Zig:7    | Killed a Killer Klown
 20362 | Zig:7    | Killed a Killer Klown
 20362 | Zig:7    | Killed a Killer Klown
 20369 | Zig:7    | Lost mutation: You have an unnaturally thin skeletal
                  | structure. (Dex +6, Stealth+++) [Jiyva's grace]
 20369 | Zig:7    | Lost mutation: Your mind is acute. (Int +4, Str/Dex -1)
                  | [Jiyva's grace]
 20369 | Zig:7    | Lost mutation: You have acidic saliva. [Jiyva's grace]
 20369 | Zig:7    | Lost mutation: Your gelatinous body deflects attacks. (AC
                  | +3, EV +3) [Jiyva's grace]
 20369 | Zig:7    | Lost mutation: You expend health (3 HP) to strengthen your
                  | wands. [Jiyva's grace]
 20369 | Zig:7    | Gained mutation: Your body has grown eyes which may confuse
                  | attackers. (Acc +3) [Jiyva's grace]
 20369 | Zig:7    | Gained mutation: Your body has grown many eyes which may
                  | confuse attackers. (Acc +5) [Jiyva's grace]
 20369 | Zig:7    | Gained mutation: Your body is covered in eyes which may
                  | confuse attackers. (Acc +7, SInv) [Jiyva's grace]
 20369 | Zig:7    | Gained mutation: You are mostly covered in iridescent
                  | scales. (AC +4) [Jiyva's grace]
 20375 | Zig:7    | Killed Wyifeabra the pandemonium lord
 20381 | Zig:8    | Entered Level 8 of a ziggurat
 20413 | Zig:9    | Entered Level 9 of a ziggurat
 20452 | Zig:9    | Identified the ring of the Ageless Nightmares {rPois rN+
                  | Str+2 Int+2 Dex+3}
 20464 | Zig:10   | Entered Level 10 of a ziggurat
 20496 | Zig:11   | Entered Level 11 of a ziggurat
 20502 | Zig:11   | Noticed Pono Zase the pandemonium lord
 20504 | Zig:11   | Noticed a Killer Klown
 20504 | Zig:11   | Noticed a Killer Klown
 20505 | Zig:11   | Noticed a Killer Klown
 20508 | Zig:11   | Noticed Geelifut the pandemonium lord
 20512 | Zig:11   | Noticed Raxzy the pandemonium lord
 20513 | Zig:11   | Killed a Killer Klown
 20513 | Zig:11   | Killed a Killer Klown
 20514 | Zig:11   | Killed a Killer Klown
 20514 | Zig:11   | Noticed a Killer Klown
 20515 | Zig:11   | Killed Raxzy the pandemonium lord
 20516 | Zig:11   | Noticed a Killer Klown
 20517 | Zig:11   | Killed a Killer Klown
 20519 | Zig:11   | Killed Geelifut the pandemonium lord
 20519 | Zig:11   | Killed a Killer Klown
 20520 | Zig:11   | Noticed a Killer Klown
 20522 | Zig:11   | Killed Pono Zase the pandemonium lord
 20539 | Zig:11   | Killed a Killer Klown
 20572 | Zig:11   | Identified the ring of the Mauling Pariah {Int+6 SInv
                  | Stlth+}
 20600 | Zig:12   | Entered Level 12 of a ziggurat
 20604 | Zig:12   | Noticed a royal mummy
 20606 | Zig:12   | Noticed a royal mummy
 20608 | Zig:12   | Noticed a royal mummy
 20609 | Zig:12   | Killed a royal mummy
 20609 | Zig:12   | Killed a royal mummy
 20610 | Zig:12   | Noticed a royal mummy
 20610 | Zig:12   | Noticed a royal mummy
 20612 | Zig:12   | Killed a royal mummy
 20612 | Zig:12   | Noticed a royal mummy
 20613 | Zig:12   | Killed a royal mummy
 20613 | Zig:12   | Noticed a royal mummy
 20613 | Zig:12   | Noticed a royal mummy
 20614 | Zig:12   | Killed a royal mummy
 20615 | Zig:12   | Killed a royal mummy
 20615 | Zig:12   | Killed a royal mummy
 20615 | Zig:12   | Noticed a royal mummy
 20615 | Zig:12   | Noticed a royal mummy
 20617 | Zig:12   | Killed a royal mummy
 20618 | Zig:12   | Killed a royal mummy
 20618 | Zig:12   | Killed a royal mummy
 20646 | Zig:12   | Identified the ring "Qiruergh" {^Contam rF+ Int+3 SInv}
 20661 | Zig:13   | Entered Level 13 of a ziggurat
 20701 | Zig:13   | Acquired a manual of Stealth
 20705 | Zig:14   | Entered Level 14 of a ziggurat
 20721 | Zig:14   | Noticed a dread lich
 20723 | Zig:14   | Killed a dread lich
 20727 | Zig:14   | Reached skill level 27 in Spellcasting
 20727 | Zig:14   | Reached skill level 27 in Conjurations
 20727 | Zig:14   | Reached skill level 27 in Hexes
 20727 | Zig:14   | Reached skill level 27 in Summonings
 20727 | Zig:14   | Reached skill level 27 in Necromancy
 20727 | Zig:14   | Reached skill level 27 in Translocations
 20727 | Zig:14   | Reached skill level 27 in Fire Magic
 20727 | Zig:14   | Reached skill level 27 in Ice Magic
 20727 | Zig:14   | Reached skill level 27 in Air Magic
 20727 | Zig:14   | Reached skill level 27 in Earth Magic
 20727 | Zig:14   | Reached skill level 27 in Alchemy
 20744 | Zig:14   | Identified the ring of Lyelui {rF- Int+6 Dex+3 Slay+3 SInv}
 20746 | Zig:14   | Identified the ring of Divine Intervention {Fly rElec Will-
                  | Str+2 Int+3}
 20756 | Zig:15   | Entered Level 15 of a ziggurat
 20891 | D:15     | Got a smoky gem with 2720 turns to spare
 21021 | Vaults:1 | You are sucked into a shaft and drop 1 floor!
 21176 | Tomb:1   | Entered Level 1 of the Tomb of the Ancients
 21198 | Tomb:1   | Noticed a royal mummy
 21199 | Tomb:1   | Noticed a royal mummy
 21201 | Tomb:1   | Killed a royal mummy
 21202 | Tomb:1   | Killed a royal mummy
 21223 | Tomb:1   | Noticed a royal mummy
 21223 | Tomb:1   | Noticed a royal mummy
 21225 | Tomb:1   | Noticed a royal mummy
 21225 | Tomb:1   | Noticed a royal mummy
 21226 | Tomb:1   | Killed a royal mummy
 21226 | Tomb:1   | Noticed a royal mummy
 21227 | Tomb:1   | Killed a royal mummy
 21227 | Tomb:1   | Killed a royal mummy
 21227 | Tomb:1   | Noticed a royal mummy
 21228 | Tomb:1   | Killed a royal mummy
 21229 | Tomb:1   | Killed a royal mummy
 21230 | Tomb:1   | Killed a royal mummy
 21231 | Tomb:1   | Noticed a royal mummy
 21236 | Tomb:1   | Noticed a royal mummy
 21239 | Tomb:1   | Killed a royal mummy
 21258 | Tomb:1   | Killed a royal mummy
 21313 | Tomb:1   | Noticed a royal mummy
 21317 | Tomb:1   | Killed a royal mummy
 21449 | Tomb:2   | Noticed a royal mummy
 21475 | Tomb:2   | Noticed a royal mummy
 21477 | Tomb:2   | Killed a royal mummy
 21479 | Tomb:2   | Killed a royal mummy
 21496 | Tomb:2   | Noticed a royal mummy
 21499 | Tomb:2   | Killed a royal mummy
 21503 | Tomb:2   | Noticed a royal mummy
 21506 | Tomb:2   | Killed a royal mummy
 21694 | Tomb:2   | Reached skill level 1 in Polearms
 21746 | Tomb:3   | Entered Level 3 of the Tomb of the Ancients
 21764 | Tomb:3   | Noticed a royal mummy
 21765 | Tomb:3   | Noticed a royal mummy
 21766 | Tomb:3   | Killed a royal mummy
 21767 | Tomb:3   | Noticed a royal mummy
 21768 | Tomb:3   | Killed a royal mummy
 21769 | Tomb:3   | Reached skill level 5 in Polearms
 21849 | Tomb:3   | Noticed a royal mummy
 21851 | Tomb:3   | Killed a royal mummy
 21852 | Tomb:3   | Killed a royal mummy
 21898 | Tomb:3   | Found the +2 pair of slick slippers {slick, slippery, EV+4}
 21900 | Tomb:3   | Found the ring of Shadows {Umbra +Inv Stlth+}
 21904 | Tomb:3   | Identified the ring "Taagig" {Fire Int+4 Stlth+}
 21908 | Tomb:3   | Identified the +0 helmet of Benevolence {Harm rF- Int+3
                  | Dex+3}
 21909 | Tomb:3   | Identified the +8 dagger "Ileal" {heavy, rC+ Dex+2}
 21939 | Tomb:3   | Noticed a royal mummy
 21948 | Tomb:3   | Killed a royal mummy
 21976 | Tomb:3   | Noticed a royal mummy
 21977 | Tomb:3   | Noticed a royal mummy
 21978 | Tomb:3   | Killed a royal mummy
 21979 | Tomb:3   | Noticed a royal mummy
 21980 | Tomb:3   | Killed a royal mummy
 21980 | Tomb:3   | Noticed a royal mummy
 22003 | Tomb:3   | Killed a royal mummy
 22009 | Tomb:3   | Killed a royal mummy
 22025 | Tomb:3   | Lost mutation: You are mostly covered in iridescent scales.
                  | (AC +4) [Jiyva's grace]
 22025 | Tomb:3   | Lost mutation: You have a moderately thin skeletal
                  | structure. (Dex +4, Stealth++) [Jiyva's grace]
 22025 | Tomb:3   | Lost mutation: You are strong-willed. (Will+) [Jiyva's
                  | grace]
 22025 | Tomb:3   | Lost mutation: Your translucent skin slightly reduces your
                  | foes' accuracy. (Stealth+) [Jiyva's grace]
 22025 | Tomb:3   | Gained mutation: You have hidden genetic potential.
                  | [Jiyva's grace]
 22025 | Tomb:3   | Gained mutation: You have great hidden genetic potential.
                  | [Jiyva's grace]
 22025 | Tomb:3   | Gained mutation: Your muscles are very strong. (Str +8,
                  | Int/Dex -2) [Jiyva's grace]
 22025 | Tomb:3   | Gained mutation: You have a pair of small antennae on your
                  | head. [Jiyva's grace]
 22038 | Tomb:3   | Got a sanguine gem with 500 turns to spare
 22041 | Tomb:3   | Got a golden rune of Zot
 22043 | Tomb:3   | Identified the +0 scale mail of the Eight Boll Weevils
                  | {^Contam rC+ rCorr} (You took it off a mummy priest on
                  | level 3 of the Tomb of the Ancients)
 22156 | Crypt:2  | Reached skill level 10 in Polearms
 22422 | Hell     | Entered the Vestibule of Hell
 22422 | Hell     | Noticed Geryon
 22433 | Hell     | Killed Geryon
 22482 | Hell     | Found a gateway to the freezing wastes of Cocytus.
 22493 | Coc:1    | Entered Level 1 of Cocytus
 22518 | Coc:2    | Noticed a shard shrike
 22519 | Coc:2    | Noticed a shard shrike
 22520 | Coc:2    | Noticed a shard shrike
 22584 | Coc:3    | Paralysed by a wendigo for 1 turns
 22604 | Coc:3    | You are sucked into a shaft and drop 3 floors!
 22606 | Coc:6    | Noticed a shard shrike
 22624 | Coc:6    | Noticed a shard shrike
 22630 | Coc:6    | Killed a shard shrike
 22636 | Coc:7    | Entered Level 7 of Cocytus
 22640 | Coc:7    | Paralysed by a wendigo for 1 turns
 22697 | Hell     | Found a gateway to the Iron City of Dis.
 22709 | Dis:1    | Entered Level 1 of the Iron City of Dis
 22872 | Dis:2    | Gained mutation: You possess an exceptional clarity of
                  | mind. [hidden potential]
 23168 | Dis:7    | Entered Level 7 of the Iron City of Dis
 23267 | Dis:7    | Lost mutation: You are partially covered in iridescent
                  | scales. (AC +2) [Jiyva's grace]
 23267 | Dis:7    | Lost mutation: You are partially covered in large bone
                  | plates. (SH +4) [Jiyva's grace]
 23267 | Dis:7    | Lost mutation: You have great hidden genetic potential.
                  | [Jiyva's grace]
 23267 | Dis:7    | Gained mutation: Armour fits poorly on your pseudopods.
                  | [Jiyva's grace]
 23267 | Dis:7    | Gained mutation: Armour fits poorly on your large
                  | pseudopods. [Jiyva's grace]
 23267 | Dis:7    | Gained mutation: Armour fits poorly on your massive
                  | pseudopods. [Jiyva's grace]
 23267 | Dis:7    | Gained mutation: You have acidic saliva. [Jiyva's grace]
 23306 | Dis:7    | Gained mutation: You are covered in fur. (AC +1) [hidden
                  | potential]
 23306 | Dis:7    | Lost mutation: You have hidden genetic potential. [hidden
                  | potential expressed]
 23391 | Dis:7    | Was placed under penance by Jiyva
 23395 | Dis:7    | Noticed Dispater
 23398 | Dis:7    | Noticed a juggernaut
 23402 | Dis:7    | Got an iron rune of Zot
 23453 | Hell     | Was forgiven by Jiyva
 23457 | Hell     | Found a gateway to the ashen valley of Gehenna.
 23466 | Geh:1    | Entered Level 1 of Gehenna
 23622 | Geh:6    | Noticed a dread lich
 23632 | Geh:6    | Killed a dread lich
 23682 | Geh:6    | You are sucked into a shaft and drop 1 floor!
 23682 | Geh:7    | Entered Level 7 of Gehenna
 23747 | Geh:7    | Noticed the Serpent of Hell
 23759 | Geh:7    | Killed the Serpent of Hell
 23849 | Geh:7    | Found the +13 sceptre of Asmodeus
 23849 | Geh:7    | Noticed Asmodeus
 23881 | Geh:7    | Killed Asmodeus
 23900 | Geh:7    | Got an obsidian rune of Zot
 24051 | Hell     | Found a gateway to the decaying netherworld of Tartarus.
 24060 | Tar:1    | Entered Level 1 of Tartarus
 24118 | Tar:2    | Noticed an ancient lich
 24121 | Tar:2    | Reached skill level 27 in Evocations
 24121 | Tar:2    | Killed an ancient lich
 24169 | Tar:2    | Noticed an ancient lich
 24172 | Tar:2    | Noticed a dread lich
 24173 | Tar:2    | Paralysed by a dread lich for 5 turns
 24178 | Tar:2    | Killed a dread lich
 24178 | Tar:2    | Killed an ancient lich
 24187 | Tar:2    | Noticed a dread lich
 24187 | Tar:2    | Killed a dread lich
 24187 | Tar:2    | Noticed a dread lich
 24187 | Tar:2    | Noticed a dread lich
 24188 | Tar:2    | Killed a dread lich
 24188 | Tar:2    | Killed a dread lich
 24189 | Tar:2    | Reached skill level 10 in Stealth
 24189 | Tar:2    | Killed a dread lich
 24435 | Tar:7    | Entered Level 7 of Tartarus
 24504 | Tar:7    | Lost mutation: You have a somewhat thin skeletal structure.
                  | (Dex +2, Stealth+) [Jiyva's grace]
 24504 | Tar:7    | Lost mutation: Your muscles are very strong. (Str +8,
                  | Int/Dex -2) [Jiyva's grace]
 24504 | Tar:7    | Lost mutation: Your body is covered in eyes which may
                  | confuse attackers. (Acc +7, SInv) [Jiyva's grace]
 24504 | Tar:7    | Lost mutation: Your body has grown many eyes which may
                  | confuse attackers. (Acc +5) [Jiyva's grace]
 24504 | Tar:7    | Gained mutation: Your melee attacks may engulf your foes in
                  | ooze. [Jiyva's grace]
 24504 | Tar:7    | Gained mutation: You are partially covered in iridescent
                  | scales. (AC +2) [Jiyva's grace]
 24504 | Tar:7    | Gained mutation: You are mostly covered in iridescent
                  | scales. (AC +4) [Jiyva's grace]
 24504 | Tar:7    | Gained mutation: You are completely covered in iridescent
                  | scales. (AC +6) [Jiyva's grace]
 24516 | Tar:7    | Reached skill level 15 in Polearms
 24642 | Tar:7    | Reached skill level 15 in Stealth
 24743 | Tar:7    | Noticed Ereshkigal
 24746 | Tar:7    | Got a bone rune of Zot
 24806 | Hell     | Paralysed by a wendigo for 1 turns
 24850 | Coc:2    | Killed a shard shrike
 24852 | Coc:2    | Killed a shard shrike
 24892 | Coc:4    | Noticed a shard shrike
 24894 | Coc:4    | Noticed a shard shrike
 24895 | Coc:4    | Noticed a shard shrike
 24896 | Coc:4    | Noticed a shard shrike
 24900 | Coc:4    | Killed a shard shrike
 24901 | Coc:4    | Killed a shard shrike
 24902 | Coc:4    | Killed a shard shrike
 24903 | Coc:4    | Killed a shard shrike
 25023 | Coc:6    | Killed a shard shrike
 25050 | Coc:7    | Noticed a shard shrike
 25053 | Coc:7    | Noticed a shard shrike
 25054 | Coc:7    | Noticed a shard shrike
 25054 | Coc:7    | Noticed a shard shrike
 25055 | Coc:7    | Noticed a shard shrike
 25057 | Coc:7    | Killed a shard shrike
 25060 | Coc:7    | Killed a shard shrike
 25060 | Coc:7    | Killed a shard shrike
 25075 | Coc:7    | Paralysed by a wendigo for 1 turns
 25143 | Coc:7    | Noticed a shard shrike
 25160 | Coc:7    | Killed a shard shrike
 25180 | Coc:7    | Noticed a shard shrike
 25181 | Coc:7    | Noticed a shard shrike
 25182 | Coc:7    | Noticed a shard shrike
 25182 | Coc:7    | Noticed a shard shrike
 25189 | Coc:7    | Killed a shard shrike
 25190 | Coc:7    | Killed a shard shrike
 25201 | Coc:7    | Noticed Antaeus
 25221 | Coc:7    | Killed Antaeus
 25330 | Coc:7    | Got an icy rune of Zot
 25346 | Coc:7    | Was placed under penance by Jiyva
 25361 | Coc:7    | Identified the +4 ring mail of Elyvilon's Generosity {Str+3
                  | Slay+5}
 25392 | Coc:7    | Paralysed by a wendigo for 1 turns
 25502 | Depths:2 | Was forgiven by Jiyva
 25505 | Depths:2 | Found a one-way gate leading to the halls of Pandemonium.
 25525 | Pan      | Entered Pandemonium
 25555 | Pan      | Found an exit through the horrors of the Abyss.
 25567 | Pan      | Entered the realm of Gloorx Vloq.
 25609 | Pan      | Lost mutation: You have a pair of small antennae on your
                  | head. [Jiyva's grace]
 25609 | Pan      | Lost mutation: You possess an exceptional clarity of mind.
                  | [Jiyva's grace]
 25609 | Pan      | Lost mutation: Armour fits poorly on your massive
                  | pseudopods. [Jiyva's grace]
 25609 | Pan      | Gained mutation: Your mind is acute. (Int +4, Str/Dex -1)
                  | [Jiyva's grace]
 25609 | Pan      | Gained mutation: Your mind is very acute. (Int +8, Str/Dex
                  | -2) [Jiyva's grace]
 25609 | Pan      | Gained mutation: Armour fits poorly on your massive
                  | pseudopods. [Jiyva's grace]
 25609 | Pan      | Gained mutation: You have sharp fingernails. [Jiyva's
                  | grace]
 25622 | Pan      | Noticed Gloorx Vloq
 25628 | Pan      | Got a dark rune of Zot
 25661 | Pan      | Noticed Mebe the pandemonium lord
 25702 | Pan      | Noticed Agoricw the pandemonium lord
 25798 | Pan      | Noticed Fifakuvorch the pandemonium lord
 25801 | Pan      | Killed Fifakuvorch the pandemonium lord
 25998 | Pan      | Noticed Ignacio
 26002 | Pan      | Killed Ignacio
 26112 | Pan      | Lost mutation: You have sharp fingernails. [Jiyva's grace]
 26112 | Pan      | Lost mutation: You are completely covered in iridescent
                  | scales. (AC +6) [Jiyva's grace]
 26112 | Pan      | Lost mutation: Your mind is very acute. (Int +8, Str/Dex
                  | -2) [Jiyva's grace]
 26112 | Pan      | Lost mutation: Your mind is acute. (Int +4, Str/Dex -1)
                  | [Jiyva's grace]
 26112 | Pan      | Lost mutation: You have a small jelly attached to you that
                  | may absorb projectiles. [Jiyva's grace]
 26112 | Pan      | Gained mutation: Your flesh is almost immune to the effects
                  | of heat. (rF+++) [Jiyva's grace]
 26112 | Pan      | Gained mutation: You are agile. (Dex +4, Str/Int -1)
                  | [Jiyva's grace]
 26112 | Pan      | Gained mutation: You are very agile. (Dex +8, Str/Int -2)
                  | [Jiyva's grace]
 26112 | Pan      | Gained mutation: You possess an exceptional clarity of
                  | mind. [Jiyva's grace]
 26161 | Pan      | Found an exit through the horrors of the Abyss.
 26261 | Pan      | Noticed Oqotim the pandemonium lord
 26265 | Pan      | Killed Oqotim the pandemonium lord
 26273 | Pan      | Noticed Gloorx Vloq
 26278 | Pan      | Found an exit through the horrors of the Abyss.
 26284 | Pan      | Entered the realm of Cerebov.
 26354 | Pan      | Identified the +2 fire dragon scales of Qaziugasa {rF++ rC-
                  | rN+ Regen+}
 26366 | Pan      | Identified the ring "Tanad" {rElec rCorr Int+2 SInv}
 26372 | Pan      | Noticed Gloorx Vloq
 26446 | Pan      | Killed Gloorx Vloq
 26562 | Pan      | Identified the staff of Amortisation {*Slow rC+ rN+++ SInv
                  | Ice Alchemy}
 26587 | Pan      | Found the +6 sword of Cerebov {flame}
 26587 | Pan      | Noticed Cerebov
 26592 | Pan      | Identified the +8 great mace "Ibioch" {speed, rN+ Str+4}
 26596 | Pan      | Got a fiery rune of Zot
 26611 | Pan      | Killed Cerebov
 26687 | Pan      | Gained mutation: You are frail. (-10% HP) [a cacodemon]
 26692 | Pan      | Lost mutation: You are mostly covered in iridescent scales.
                  | (AC +4) [Jiyva's grace]
 26692 | Pan      | Lost mutation: You are very agile. (Dex +8, Str/Int -2)
                  | [Jiyva's grace]
 26692 | Pan      | Lost mutation: You are frail. (-10% HP) [Jiyva's grace]
 26692 | Pan      | Lost mutation: You are covered in fur. (AC +1) [Jiyva's
                  | grace]
 26692 | Pan      | Lost mutation: Armour fits poorly on your massive
                  | pseudopods. [Jiyva's grace]
 26692 | Pan      | Lost mutation: Armour fits poorly on your large pseudopods.
                  | [Jiyva's grace]
 26692 | Pan      | Lost mutation: Your melee attacks may engulf your foes in
                  | ooze. [Jiyva's grace]
 26692 | Pan      | Gained mutation: You have a pair of small horns on your
                  | head. [Jiyva's grace]
 26692 | Pan      | Gained mutation: You have a pair of horns on your head.
                  | [Jiyva's grace]
 26692 | Pan      | Gained mutation: You have a pair of large horns on your
                  | head. [Jiyva's grace]
 26692 | Pan      | Gained mutation: You have supernaturally acute eyesight.
                  | (SInv) [Jiyva's grace]
 26835 | Pan      | Entered the realm of Lom Lobon.
 26942 | Pan      | Got a magical rune of Zot
 27014 | Pan      | Entered the realm of Mnoleg.
 27029 | Pan      | Noticed Mnoleg
 27040 | Pan      | Killed Mnoleg
 27106 | Pan      | Gained mutation: You have hidden genetic defects. [a
                  | cacodemon]
 27111 | Pan      | Gained mutation: Armour fits poorly on your strangely
                  | shaped body. [a cacodemon]
 27176 | Pan      | Got a glowing rune of Zot
 27179 | Pan      | Noticed Lom Lobon
 27370 | Pan      | Noticed Watoj the pandemonium lord
 27373 | Pan      | Killed Watoj the pandemonium lord
 27378 | Pan      | Found a runed translucent gate.
 27379 | Pan      | Found a runed translucent gate.
 27383 | Pan      | Found a runed translucent door.
 27450 | Pan      | Noticed Vyat the pandemonium lord
 27454 | Pan      | Noticed Mennas
 27463 | Pan      | Killed Mennas
 27464 | Pan      | Noticed Lom Lobon
 27484 | Pan      | Found an exit through the horrors of the Abyss.
 27484 | Pan      | Lost mutation: You have a pair of large horns on your head.
                  | [Jiyva's grace]
 27484 | Pan      | Lost mutation: Armour fits poorly on your strangely shaped
                  | body. [Jiyva's grace]
 27484 | Pan      | Lost mutation: Your flesh is almost immune to the effects
                  | of heat. (rF+++) [Jiyva's grace]
 27484 | Pan      | Lost mutation: Your body has grown eyes which may confuse
                  | attackers. (Acc +3) [Jiyva's grace]
 27484 | Pan      | Gained mutation: You have a small jelly attached to you
                  | that senses nearby items. [Jiyva's grace]
 27484 | Pan      | Gained mutation: You are covered in slimy tendrils that may
                  | disarm your opponents. [Jiyva's grace]
 27484 | Pan      | Gained mutation: You are covered in fur. (AC +1) [Jiyva's
                  | grace]
 27484 | Pan      | Gained mutation: You are covered in thick fur. (AC +2)
                  | [Jiyva's grace]
 27518 | Pan      | Gained mutation: You occasionally lose the ability to read
                  | scrolls when taking damage. [hidden defects]
 27519 | Pan      | Noticed Nufihab the pandemonium lord
 27526 | Pan      | Killed Nufihab the pandemonium lord
 27614 | Pan      | Got a demonic rune of Zot
 27701 | Pan      | Noticed Lom Lobon
 27746 | Pan      | Lost mutation: You possess an exceptional clarity of mind.
                  | [hidden defects]
 27746 | Pan      | Lost mutation: You have hidden genetic defects. [hidden
                  | defects expressed]
 27752 | Pan      | Found an exit through the horrors of the Abyss.
 27761 | Pan      | Took an exit into the Abyss.
 27761 | Abyss:1  | Escaped into the Abyss
 27761 | Abyss:1  | Found a corrupted altar of Lugonu.
 27933 | Abyss:3  | Found a corrupted altar of Lugonu.
 28053 | Abyss:4  | Lost mutation: You have a pair of horns on your head.
                  | [Jiyva's grace]
 28053 | Abyss:4  | Lost mutation: You have acidic saliva. [Jiyva's grace]
 28053 | Abyss:4  | Lost mutation: Your pliable body absorbs attacks. (AC +2,
                  | EV +2) [Jiyva's grace]
 28053 | Abyss:4  | Lost mutation: Your rubbery body absorbs attacks. (AC +1,
                  | EV +1) [Jiyva's grace]
 28053 | Abyss:4  | Lost mutation: Armour fits poorly on your pseudopods.
                  | [Jiyva's grace]
 28053 | Abyss:4  | Lost mutation: You occasionally lose the ability to read
                  | scrolls when taking damage. [Jiyva's grace]
 28053 | Abyss:4  | Gained mutation: Your rubbery body absorbs attacks. (AC +1,
                  | EV +1) [Jiyva's grace]
 28053 | Abyss:4  | Gained mutation: Your pliable body absorbs attacks. (AC +2,
                  | EV +2) [Jiyva's grace]
 28053 | Abyss:4  | Gained mutation: Your gelatinous body deflects attacks. (AC
                  | +3, EV +3) [Jiyva's grace]
 28053 | Abyss:4  | Gained mutation: Your natural rate of healing is unusually
                  | fast. [Jiyva's grace]
 28071 | Abyss:4  | Found a viscous altar of Jiyva.
 28072 | Abyss:4  | Found a corrupted altar of Lugonu.
 28074 | Depths:2 | Escaped the Abyss
 28118 | Depths:3 | Voluntarily entered the Abyss.
 28157 | Abyss:4  | Found a corrupted altar of Lugonu.
 28166 | Abyss:4  | Got an abyssal rune of Zot
 28199 | Abyss:4  | Found a snail-covered altar of Cheibriados.
 28240 | Depths:3 | Escaped the Abyss
 28362 | Depths:4 | Found a gate to the Realm of Zot.
 28371 | Depths:4 | Found the +8 Vampire's Tooth {megavamp}
 28378 | Zot:1    | Entered Level 1 of the Realm of Zot
 28477 | Zot:3    | Killed NoMoreGames's ghost
 28747 | Zot:5    | Entered Level 5 of the Realm of Zot
 28814 | Zot:5    | Noticed a Killer Klown
 28818 | Zot:5    | Killed a Killer Klown
 28823 | Zot:5    | Noticed a Killer Klown
 28823 | Zot:5    | Noticed a Killer Klown
 28824 | Zot:5    | Noticed a dread lich
 28825 | Zot:5    | Lost mutation: You have a pair of small horns on your head.
                  | [Jiyva's grace]
 28825 | Zot:5    | Lost mutation: You are partially covered in iridescent
                  | scales. (AC +2) [Jiyva's grace]
 28825 | Zot:5    | Lost mutation: You are covered in thick fur. (AC +2)
                  | [Jiyva's grace]
 28825 | Zot:5    | Lost mutation: Your muscles are strong. (Str +4, Int/Dex
                  | -1) [Jiyva's grace]
 28825 | Zot:5    | Gained mutation: You are resistant to electric shocks.
                  | (rElec) [Jiyva's grace]
 28825 | Zot:5    | Gained mutation: Your translucent skin slightly reduces
                  | your foes' accuracy. (Stealth+) [Jiyva's grace]
 28825 | Zot:5    | Gained mutation: Your translucent skin reduces your foes'
                  | accuracy. (Stealth+) [Jiyva's grace]
 28825 | Zot:5    | Gained mutation: Your transparent skin significantly
                  | reduces your foes' accuracy. (Stealth+) [Jiyva's grace]
 28825 | Zot:5    | Noticed a Killer Klown
 28825 | Zot:5    | Noticed an orb of fire
 28827 | Zot:5    | Noticed a Killer Klown
 28828 | Zot:5    | Noticed a Killer Klown
 28828 | Zot:5    | Noticed a Killer Klown
 28828 | Zot:5    | Noticed an orb of fire
 28829 | Zot:5    | Noticed a Killer Klown
 28829 | Zot:5    | Noticed a dread lich
 28830 | Zot:5    | Killed a Killer Klown
 28830 | Zot:5    | Killed a Killer Klown
 28830 | Zot:5    | Noticed a Killer Klown
 28836 | Zot:5    | Paralysed by a dread lich for 4 turns
 28848 | Zot:5    | Killed a dread lich
 28848 | Zot:5    | Killed a Killer Klown
 28850 | Zot:5    | Gained mutation: You are dopey. (Int -2) [an orb of fire]
 28852 | Zot:5    | Killed an orb of fire
 28853 | Zot:5    | Killed a Killer Klown
 28854 | Zot:5    | Reached skill level 27 in Stealth
 28857 | Zot:5    | Gained mutation: Your spells are a little easier to cast,
                  | but a little less powerful. [an orb of fire]
 28858 | Zot:5    | Killed an orb of fire
 28864 | Zot:5    | Killed a Killer Klown
 28864 | Zot:5    | Killed a Killer Klown
 28865 | Zot:5    | Killed a Killer Klown
 28870 | Zot:5    | Killed a dread lich
 28876 | Zot:5    | Killed a Killer Klown
 28885 | Zot:5    | Got the Orb of Zot
 29002 | Depths:4 | Noticed Gariek the pandemonium lord
 29048 | Depths:1 | Noticed Zoery the pandemonium lord
 29064 | Depths:1 | Noticed Kitweg the pandemonium lord
 29175 | D:11     | Noticed Ydaguirr the pandemonium lord
 29224 | D:8      | Noticed Pacs the pandemonium lord
 29393 | D:3      | Was placed under penance by Jiyva
 29417 | D:2      | Was forgiven by Jiyva
 29449 | D:$      | Escaped with the Orb!

Illustrated notes

Levels and vault maps discovered:
D:1:      nagdon_arrival_double_spiral, layout_basic, nrook_loot_triangle
D:2:      layout_basic, basic_altar, minmay_pentomino_r2
D:3:      layout_basic, nicolae_overflow_crystal_walls,
          kennysheep_generic_room_7, uniq_robin
D:4:      cheibrodos_greedy_goblins, layout_layer_cave,
          nicolae_overflow_hidden_temple, serial_co_window_serial,
          co_window_paths_a, co_window_corner_a, co_window_paths_a,
          co_window_corner_a, co_window_corner_a, co_window_paths_a,
          co_window_paths_a, co_window_corner_b, co_window_broadway_b,
          co_window_of_opportunity_b, co_window_4corner_a, glass_columns_c,
          glass_columns_a, nicolae_ossuary_entry_giza
D:5:      layout_basic, uniq_sigmund
D:6:      layout_layer_cave, overflow_temple_1_default,
          minmay_shop_enchanted_jewellery
D:7:      layout_cave_pools, minmay_temple_entry_junction_2,
          hangedman_misty_isle
D:8:      layout_loops_ring
D:9:      layout_irregular_city, hex_medium
D:10:     layout_irregular_city, nicolae_elyvilon_peaceful_grove,
          erik_lair_dragon, nicolae_transmutations_shop
D:11:     layout_layer_cave, orc_0_dummy, enter_trove_0, serial_undead,
          serial_undead_a, serial_undead_f, serial_undead_f, serial_undead_f
D:12:     layout_roguey
D:13:     layout_cave_pods, hangedman_vaults_entry_quadrant_bands,
          nicolae_lava_and_water, chequers_serial_rivers_room_b
D:14:     layout_cave_pools, chequers_arboretum
D:15:     grunt_enter_depths_snipers, layout_rooms, minmay_misc_feat_square,
          grunt_decor_one_mirror
Lair:1:   layout_hall_layers
Lair:2:   layout_long_grid, minmay_swamp_entry_worms,
          minmay_snake_entry_six_corridors, disabler_island,
          serial_bayou_shore_b, serial_bayou_shore_a, serial_bayou_shore_b
Lair:3:   layout_cave_pods, grunt_megastairs_2, lemuel_fruit_fields, uniq_kirke
Lair:4:   layout_loops_ring, gauntlet_entry_generic, uniq_nessos
Lair:5:   hangedman_lair_in_review, layout_big_grid, guppyfry_lair_end_dragon,
          slime_entry_1
Swamp:1:  layout_basic_swamp, gammafunk_ghost_berserking_beasts,
          evilmike_swamp_ruin_house_6, swamp_pool_1_2
Swamp:2:  layout_basic_swamp, evilmike_swamp_ruin_house_2
Swamp:3:  layout_basic_swamp, evilmike_swamp_ruin_house_3, swamp_pool_1_2,
          beargit_elvish_explorers
Swamp:4:  swamp_vile, layout_basic_swamp, nicolae_swamp_decorative_isthmus
Snake:1:  layout_honeycomb, nicolae_triple_integral
Snake:2:  layout_basic, serial_shops, shop
Snake:3:  layout_misc_corridors, uniq_vashnia
Snake:4:  johnstein_snake_rune_scales, layout_cave_town
Slime:1:  layout_caves, cheibrodos_slime_lost_civilization_6
Slime:2:  layout_caves, cheibrodos_slime_lost_civilization_7
Slime:3:  layout_caves
Slime:4:  layout_caves
Slime:5:  slime_pit_nicolae_jellycorners
Orc:1:    layout_diamond_mine, serial_shops, shop
Orc:2:    st_orc_open, layout_caves, nicolae_shop_vocational, uniq_donald
Elf:1:    eino_elf_arrival_customs, layout_loops_ring, serial_shops,
          nicolae_lakefront_shop, hangedman_elven_crosses_minicolossus,
          minmay_shop_grove
Elf:2:    nicolae_elf_blades_crystal_corner, layout_onion_city,
          ebering_ghost_inner_flame, st_stairs_14, dk_noncrumbling_2
Elf:3:    grunt_elf_hall_spiral, layout_loops_ring, serial_shops,
          bzr_entry_road, minivault_26
Vaults:1: nicolae_vaults_apartment_1, v_misc_4, nicolae_vaults_tangram_2,
          nicolae_vaults_big_ls, nicolae_vaults_trapezoid_1,
          nicolae_vaults_diamond_2, nicolae_vaults_little_squares_3,
          ontoclasm_vaults_chip, nicolae_vaults_taking_the_gang_shopping,
          layout_vaults_quadrants, serial_shops, nicolae_shop_rolling_square
Vaults:2: nicolae_vaults_closet_pinwheel_5, ontoclasm_vaults_twist,
          minmay_crypt_entry_simple_corners, hangedman_vaults_corner_blocks,
          v_misc_11, hangedman_vaults_hat, nicolae_vaults_sesquioval_fish,
          ontoclasm_vaults_shuriken, ontoclasm_vaults_gateway,
          hangedman_vaults_pinch, v_misc_3, nicolae_vaults_angled_halls,
          nicolae_vaults_tetromino_L_2, vaults_room_stairs_pillars,
          layout_vaults_big_cross, uniq_margery
Vaults:3: nicolae_vaults_cornered_office, nicolae_vaults_shipping_containers_7,
          nicolae_vaults_meiosis, v_alt_pattern_5, vaults_dpeg_cross,
          nicolae_vaults_twisting_passages, hangedman_vaults_unwind,
          nicolae_vaults_closet_pinwheel_3, nicolae_vaults_trapezoid_2,
          grunt_vaults_diagonal, hangedman_vaults_corner_blocks,
          nicolae_vaults_tetromino_T_1, layout_vaults_maze, uniq_jory,
          uniq_norris
Vaults:4: nicolae_vaults_double_plus_2, nicolae_vaults_little_squares_4,
          nicolae_vaults_angled_halls, vaults_room_door_hall, v_misc_24,
          ontoclasm_vaults_hangar, v_misc_29, nicolae_vaults_sightless_eye,
          hangedman_vaults_corner_blocks, nicolae_vaults_offset_grid_hallway_1,
          nicolae_vaults_trapezoid_lopsided_1,
          nicolae_vaults_trapezoid_lopsided_3, layout_vaults_chaotic_city
Vaults:5
Crypt:1:  layout_gridlike, grunt_megastairs_3, grunt_crypt_arrival_guarded_gate,
          uniq_frederick
Crypt:2:  layout_gridlike, hellmonk_ghost_happy_afterlife
Crypt:3:  grunt_crypt_end_deaths_head, uniq_vv
Tomb:1
Tomb:2
Tomb:3
Depths:1: cheibrodos_lost_city_excavation, layout_cave_pools, basic_altar,
          abyss_entry_flame_altar, hell_entry, grunt_ministairs_1,
          nicolae_the_louvre
Depths:2: little_maze_vault, layout_cave_pools, grunt_decor_clamped,
          grunt_pan_entry_in_and_out, serial_shops, shop, hell_entry,
          minmay_misc_feat_doors, minmay_staircase_bubble, serial_bayou_shore_b
Depths:3: minmay_the_grid_octo_tiled_octocenter_mashed
          [minmay_the_grid_octo_toaster, minmay_the_grid_octo_focus,
          minmay_the_grid_octo_checkerflower, minmay_the_grid_octo_fan_narrow,
          minmay_the_grid_octo_prize_star, minmay_the_grid_square_5x5_lines,
          minmay_the_grid_square_5x5_checkered,
          minmay_the_grid_square_5x5_bracketed,
          minmay_the_grid_square_5x5_slash], layout_gridlike, enter_ziggurat_d,
          minmay_misc_feat_five, hell_entry, abyss_entry
Depths:4: lemuel_castle_with_subvaults [lemuel_castle_interior_carwin_2],
          layout_basic, grunt_mini_vestibule
Hell
Dis:1:    layout_regular_city
Dis:2:    layout_subdivisions
Dis:3:    hangedman_dis_monolith, layout_regular_city
Dis:4:    layout_gridville, glass_columns_a, lemuel_mystery_crypt
Dis:5:    layout_subdivisions, nicolae_dis_fourth_circle
Dis:6:    layout_jigsaw
Dis:7:    dis_hangedman
Geh:1:    layout_gehenna_lava_caves
Geh:2:    layout_gehenna_lava_caves
Geh:3:    layout_gehenna_pools_box
Geh:4:    layout_gehenna_pools_basic
Geh:5:    layout_gehenna_lava_caves
Geh:6:    layout_gehenna_lava_caves, nicolae_hells_seeping_fissure
Geh:7:    geh_grunt
Coc:1:    layout_ice_bergs
Coc:2:    layout_cocytus_water_paths
Coc:3:    layout_cocytus_water_paths
Coc:4:    layout_ice_bergs
Coc:5:    layout_ice_bergs
Coc:6:    layout_ice_bergs
Coc:7:    coc_old
Tar:1:    layout_grid_maze, nicolae_hells_hurtin_island
Tar:2:    layout_grid_maze, nicolae_tar_cuneiform_heaven,
          nicolae_hells_leichenhalle
Tar:3:    layout_grid_maze, nicolae_tar_honey_chapel
Tar:4:    layout_catacombs, grunt_tartarus_stairs_gauntlet_trap
Tar:5:    layout_catacombs
Tar:6:    layout_cathedral_of_symmetry
Tar:7:    tar_mu [tar_mu_maze]
Zot:1:    layout_gridlike, regret_index_zotdec_twisting_globes
Zot:2:    layout_misc_corridors, bh_zot_ikea_curve
Zot:3:    layout_gridlike, gammafunk_ghost_ooze
Zot:4:    lemuel_draconian_sentries, layout_concentric_octagons,
          regret_index_zotdec_decaying_vile
Zot:5:    layout_basic

Skill      XL: |  1  2  3  4  5  6  7  8  9 10 11 12 13 14 15 16 17 18 19 20 21 22 23 24 25 26 27 |
---------------+----------------------------------------------------------------------------------+-----
Fighting       | 1 2 3 4 5 7 8 9 11 12 13 14 15 16 17 18 19 21 23 24 25 27 | 27.0
Spellcasting   | 4 5 6 7 8 9 11 12 13 15 16 17 18 19 20 21 22 23 27 | 27.0
Conjurations   | 4 5 6 7 8 9 11 12 13 15 16 17 18 19 20 21 22 23 27 | 27.0
Hexes          | 4 5 6 7 8 9 11 12 13 15 16 17 18 19 20 21 22 23 27 | 27.0
Summonings     | 4 5 6 7 8 9 11 12 13 15 16 17 18 19 20 21 22 23 27 | 27.0
Necromancy     | 4 5 6 7 8 9 11 12 13 15 16 17 18 19 20 21 22 23 27 | 27.0
Translocations | 4 5 6 7 8 9 11 12 13 15 16 17 18 19 20 21 22 23 27 | 27.0
Fire Magic     | 4 5 6 7 8 9 11 12 13 15 16 17 18 19 20 21 22 23 27 | 27.0
Ice Magic      | 4 5 6 7 8 9 11 12 13 15 16 17 18 19 20 21 22 23 27 | 27.0
Air Magic      | 4 5 6 7 8 9 11 12 13 15 16 17 18 19 20 21 22 23 27 | 27.0
Earth Magic    | 4 5 6 7 8 9 11 12 13 15 16 17 18 19 20 21 22 23 27 | 27.0
Alchemy        | 4 5 6 7 8 9 11 12 13 15 16 17 18 19 20 21 22 23 27 | 27.0
Evocations     | 2 4 6 9 11 27 | 27.0
Dodging        | 4 7 9 10 11 18 | 18.0
Shields        | 6 9 11 12 13 18 | 18.0
Shapeshifting  | 9 25 | 25.0
Long Blades    | 9 |  9.6
Armour         | 9 |  9.2
Stealth        | 27 | 27.0
Polearms       | 21 | 21.2

Action                     |  1- 3 |  4- 6 |  7- 9 | 10-12 | 13-15 | 16-18 | 19-21 | 22-24 | 25-27 || total
---------------------------+-------+-------+-------+-------+-------+-------+-------+-------+-------++-------
  Melee: Dagger            |     6 |       |       |       |       |       |       |       |       ||     6
         Trident           |     5 |     6 |     7 |       |       |       |       |       |       ||    18
         Long sword        |     6 |    18 |       |       |       |       |       |       |       ||    24
         Staff             |     5 |    30 |       |    24 |    39 |     3 |     4 |     4 |    24 ||   133
         Punch             |       |     1 |       |     1 |     7 |       |       |       |       ||     9
         Halberd           |       |       |       |    20 |       |       |       |       |       ||    20
         Great mace        |       |       |       |     3 |       |       |       |       |       ||     3
         Peck              |       |       |       |       |     7 |       |       |       |       ||     7
         Bite              |       |       |       |       |       |       |       |     1 |    10 ||    11
         Trishula          |       |       |       |       |       |       |       |       |    55 ||    55
         Pseudopods        |       |       |       |       |       |       |       |       |    32 ||    32
         Headbutt          |       |       |       |       |       |       |       |       |     2 ||     2
   Cast: Magic Dart        |    29 |    30 |    15 |     2 |       |       |       |       |       ||    76
         Call Imp          |     6 |    12 |    14 |     1 |       |       |       |       |       ||    33
         Scorch            |       |    25 |   111 |   208 |    59 |       |       |       |       ||   403
         Sting             |       |       |    13 |    11 |    15 |       |     1 |       |       ||    40
         Mephitic Cloud    |       |       |     4 |    16 |    23 |    17 |     3 |       |       ||    63
         Frozen Ramparts   |       |       |     2 |    17 |    20 |     1 |     4 |       |       ||    44
         Leda's Liquefacti |       |       |       |     1 |       |       |       |       |    23 ||    24
         Summon Lightning  |       |       |       |    25 |    47 |    38 |    31 |    41 |     4 ||   186
         Irradiate         |       |       |       |       |    45 |    16 |     2 |     7 |    88 ||   158
         Bombard           |       |       |       |       |    92 |   359 |   410 |   457 |   633 ||  1951
         Blink             |       |       |       |       |       |     2 |     1 |       |     8 ||    11
         Monstrous Menager |       |       |       |       |       |    26 |    12 |     4 |     3 ||    45
         Death Channel     |       |       |       |       |       |       |    15 |    11 |     2 ||    28
         Haunt             |       |       |       |       |       |       |     7 |    37 |    59 ||   103
         Shatter           |       |       |       |       |       |       |       |       |  1079 ||  1079
         Discord           |       |       |       |       |       |       |       |       |    41 ||    41
         Death's Door      |       |       |       |       |       |       |       |       |     3 ||     3
 Invoke: Oozemancy         |       |       |       |       |       |     1 |     1 |     1 |       ||     3
Ability: Evoke Blink       |       |       |       |       |       |       |       |       |     1 ||     1
  Evoke: Wand              |       |       |     8 |    19 |    15 |     4 |       |     8 |    98 ||   152
         Tin of tremorston |       |       |       |       |     3 |     1 |       |       |       ||     4
         Phantom mirror    |       |       |       |       |       |       |     2 |     2 |     6 ||    10
         Box of beasts     |       |       |       |       |       |       |     1 |       |     6 ||     7
         Lightning rod     |       |       |       |       |       |       |       |     1 |     3 ||     4
         Horn of Geryon    |       |       |       |       |       |       |       |       |     4 ||     4
         Figurine of a zig |       |       |       |       |       |       |       |       |     1 ||     1
    Use: Scroll            |     2 |     1 |     6 |     7 |     6 |    16 |     5 |     5 |    82 ||   130
         Potion            |       |     1 |     3 |     3 |     8 |     4 |       |     2 |    48 ||    69
   Stab: Sleeping          |     1 |       |       |       |       |       |       |       |     1 ||     2
         Distracted        |     1 |       |       |       |       |       |       |       |     3 ||     4
         Confused          |       |       |       |     1 |     1 |       |       |       |       ||     2
         Betrayed ally     |       |       |       |     1 |       |       |       |       |       ||     1
 Armour: Robe              |    17 |    34 |    36 |       |       |       |       |       |       ||    87
         Steam dragon scal |       |       |     5 |       |       |       |       |       |       ||     5
         Ring mail         |       |       |     3 |    41 |     9 |    48 |       |       |       ||   101
         Leather armour    |       |       |       |    84 |   103 |       |       |       |       ||   187
         Troll leather arm |       |       |       |       |    10 |    94 |    55 |       |       ||   159
         Animal skin       |       |       |       |       |       |       |    11 |   116 |   123 ||   250
         Skin              |       |       |       |       |       |       |     5 |       |   986 ||   991
  Dodge: Dodged            |    17 |    40 |    30 |    79 |   243 |   113 |    68 |   131 |   962 ||  1683
         Repelled          |       |       |       |       |       |    14 |    11 |    18 |    81 ||   124
  Block: Other             |       |       |       |       |     5 |     4 |       |       |       ||     9
         Buckler           |       |       |       |       |       |    37 |       |       |       ||    37
         Tower shield      |       |       |       |       |       |    63 |    35 |       |       ||    98
         Kite shield       |       |       |       |       |       |       |   165 |   253 |  1416 ||  1834
   Form: Statue            |       |       |       |       |       |       |       |       |     2 ||     2
                           |       |       |       |       |       |       |       |       |     1 ||     1

Table legend: (Time is in decaauts)
 A = Elapsed time spent in this place.
 B = Non-inter-level travel time spent in this place.
 C = Inter-level travel time spent in this place.
 D = Time resting spent in this place.
 E = Time spent auto-exploring this place.
 F = Levels seen in this place.
 G = Mean time per level.
                   A        B        C        D        E       F      G
               +--------+--------+--------+--------+--------+-----+--------+
         Total |  34368 |  29871 |   4497 |    120 |     63 | 158 |  217.5 |
       Dungeon |   7152 |   5333 |   1819 |      8 |     63 |  15 |  476.8 |
          Lair |   2095 |   1612 |    483 |      2 |      0 |   5 |  419.0 |
         Swamp |    713 |    580 |    133 |      0 |      0 |   4 |  178.2 |
     Snake Pit |    893 |    766 |    127 |      7 |      0 |   4 |  223.2 |
    Slime Pits |    130 |    108 |     22 |      0 |      0 |   5 |   26.0 |
  Orcish Mines |    560 |    443 |    117 |      0 |      0 |   2 |  280.0 |
   Elven Halls |   1605 |   1437 |    168 |      0 |      0 |   3 |  535.0 |
        Vaults |   3380 |   2614 |    766 |    100 |      0 |   5 |  676.0 |
         Crypt |   1530 |   1183 |    347 |      0 |      0 |   3 |  510.0 |
          Tomb |   1404 |   1352 |     52 |      0 |      0 |   3 |  468.0 |
        Depths |   1614 |   1441 |    173 |      0 |      0 |   4 |  403.5 |
          Hell |    472 |    411 |     61 |      0 |      0 |   1 |  472.0 |
           Dis |   1028 |   1007 |     21 |      0 |      0 |   7 |  146.9 |
       Gehenna |    807 |    807 |      0 |      0 |      0 |   7 |  115.3 |
       Cocytus |   1138 |   1138 |      0 |      3 |      0 |   7 |  162.6 |
      Tartarus |   1087 |    973 |    114 |      0 |      0 |   7 |  155.3 |
           Zot |    867 |    776 |     91 |      0 |      0 |   5 |  173.4 |
         Abyss |    646 |    646 |      0 |      0 |      0 |   5 |  129.2 |
   Pandemonium |   3327 |   3327 |      0 |      0 |      0 |  21 |  158.4 |
      Ziggurat |   2425 |   2425 |      0 |      0 |      0 |  42 |   57.7 |
        Bazaar |     68 |     68 |      0 |      0 |      0 |   1 |   68.0 |
       Ossuary |    731 |    731 |      0 |      0 |      0 |   1 |  731.0 |
      Gauntlet |    686 |    686 |      0 |      0 |      0 |   1 |  686.0 |
               +--------+--------+--------+--------+--------+-----+--------+

Top non-repeatable levels by time:
Vaults:2: 1049 daAuts
Vaults:5: 853 daAuts
    D:11: 846 daAuts
    D:13: 794 daAuts
    D:10: 793 daAuts
 Ossuary: 731 daAuts
 Crypt:3: 721 daAuts
   Elf:3: 687 daAuts
Gauntlet: 686 daAuts
     D:9: 682 daAuts
  Lair:2: 675 daAuts
     D:8: 664 daAuts
  Tomb:2: 657 daAuts
Vaults:1: 603 daAuts
   Elf:1: 592 daAuts
